Workbook
Name jorgito: #REF!
Name sandrita: #REF!
Name silvia: #REF!

Sheet REQUISITOS LEGALES
E1: MATRIZ DE IDENTIFICACIÓN, ACCESO Y EVALUACIÓN DE REQUISITOS LEGALES Y OTROS REQUISITOS | V1: CÓDIGO DEL FORMATO | W1: SC03-F02
V2: VERSIÓN DEL FORMATO | W2: 10
V3: FECHA DE ACTUALIZACIÓN | W3: 46171
B5: IDENTIFICACIÓN, REVISIÓN Y ACTUALIZACIÓN | L5: EVALUACIÓN
B6: No .de requisito | C6: Tema Ambiental | D6: Emitido por | E6: Jerarquía de la norma | F6: Número y año de la norma | G6: Título de la norma | H6: Aplicación Especifica | I6: Vigencia | J6: Observaciones Grupo de Trabajo Regulación | K6: Medio de verificación solicitado por la norma | L6: Cumplimiento Sede: PRINCIPAL Dirección: Calle 24 No. 7 - 43 | Q6: Cumplimiento Sede: Bodegas: Dirección: Transversal 93 # 51 - 98 Bodegas 10-11, 44 y 48 | V6: Acciones para abordar riesgos y oportunidades | W6: Responsable del Cumplimiento
L7: SI | M7: NO | N7: INFORMATIVO | O7: Como se cumple en la Entidad | P7: Documentos relacionados | Q7: SI | R7: NO | S7: INFORMATIVO | T7: Como se cumple en la Entidad | U7: Documentos relacionados
B8: 1 | C8: AGUA | D8: Presidencia de la República | E8: Decreto Ley | F8: 2811 de 1974 | G8: Código Nacional de Recursos Naturales Renovables y de Protección al Medio Ambiente | H8: Art. 133 Art .137 | I8: Vigente | J8: Sin observaciones | K8: No especifica | L8: X | O8: Programa de Gestión: Se cuenta con un programa de gestión que tiene como objeto, "Establecer e implementar buenas prácticas en el uso eficiente y racional del agua, contribuyendo en la conservación del recurso, promoviendo el consumo responsable del agua durante el desarrollo de las actividades al interior de la Entidad". El programa se encuentra identificado en el SIGI proceso Gestión Ambiental, bajo el código SC03-F15 y tiene como alcance las diferentes sedes de la Entidad. Campañas: Sensibilización-divulgación realizadas a través de los diferentes medios de comunicación que tiene la Entidad, dirigido a servidores públicos y contratistas de la SIC, en temas de uso eficiente y racional del agua, estas se pueden visualizar en los Informes de Gestión Ambiental. Anualmente se realizan diferentes campañas programadas en el respectivo cronograma. Sistemas o implementos de bajo consumo de agua: La sede cuenta baños que se encuentran en áreas comunes y baños de delegados con lavamanos con llaves con sensor led de agua, sanitarios y orinales se cuenta push con reductores de caudal; en los baños propios de la Entidad se cuenta con lavamanos con llaves tipo palanca que de acuerdo a ficha técnica son ultra ahorradores donde se ajusta la presión del agua de acuerdo a necesidad y sanitarios con botón en el tanque con reductor de caudal. Reporte de daños hidráulicos: Se realiza reporte y seguimiento de los daños reportados en las áreas de trabajo de la sede mediante los formatos SC03-F24 y SC03-F44. Mantenimiento locativo: El contratista del arriendo de la sede es el responsable de atender los daños hidráulicos que se puedan presentar, esto es verificado mediante la verificación de criterios ambientales. | P8: Programa de Gestión para el Uso Eficiente y Racional del Agua SC03-F15: https://sigi.sic.gov.co/SIGI/portal/document_tab.php?id_doc=802&version=6&opcion_regreso=1 Archivo de Gestión Ambiental - Instrumentos del Sistema de Gestión Ambiental - Informes de gestión ambiental Archivo de Gestión Ambiental - Programa de Compras Públicas Sostenibles - Ficha, declaración, verificación y soportes de criterios ambientales. Archivo de Gestión Ambiental - Programas para el Uso Eficiente y Racional del Agua - reporte de daños hidráulicos y eléctricos SC03-F24 - seguimiento al reporte de daños hidráulicos y eléctricos SC03-F44 | Q8: X | T8: Programa de Gestión: Se cuenta con un programa de gestión que tiene como objeto, "Establecer e implementar buenas prácticas en el uso eficiente y racional del agua, contribuyendo en la conservación del recurso, promoviendo el consumo responsable del agua durante el desarrollo de las actividades al interior de la Entidad". El programa se encuentra identificado en el SIGI proceso Gestión Ambiental, bajo el código SC03-F15 y tiene como alcance las diferentes sedes de la Entidad. Campañas: Sensibilización-divulgación realizadas a través de los diferentes medios de comunicación que tiene la Entidad, dirigido a servidores públicos y contratistas de la SIC, en temas de uso eficiente y racional del agua, estas se pueden visualizar en los Informes mensuales de Gestión Ambiental. Anualmente se realizan diferentes campañas programadas en el respectivo cronograma. Criterios ambientales El Sistema de Gestión Ambiental da cumplimiento mediante la inclusión del criterio ambiental en el proceso de contratación de arriendo, en la cual se le solicita al propietario la implementación de Sistemas o implementos de bajo consumo de agua y el arreglo de los daños hidráulicos. | U8: Programa de Gestión para el Uso Eficiente y Racional del Agua SC03-F15: https://sigi.sic.gov.co/SIGI/portal/document_tab.php?id_doc=802&version=6&opcion_regreso=1 Programa de Compras Públicas Sostenibles SC03-F20: https://sigi.sic.gov.co/SIGI/portal/document_tab.php?id_doc=955&version=6&opcion_regreso=1 Archivo de Gestión Ambiental - Instrumentos del Sistema de Gestión Ambiental - Informes de gestión ambiental Archivo de Gestión Ambiental - Programa de Compras Públicas Sostenibles - Ficha, declaración, verificación y soportes de criterios ambientales. | V8: Realizar campañas sobre el uso eficiente y racional del agua. Instalar avisos de baños sobre el correcto uso del agua. Verificar que siempre se cuente con el suministro de agua y que los servicios sanitarios se encuentren en buen estado y funcionando. Realizar los mantenimientos locativos en el menor tiempo posible para no desperdiciar del recurso. | W8: Grupo de Trabajo de Servicios Administrativos y Recursos Físicos. Profesionales del SGA
B9: =+B8+1 -> 2 | C9: AGUA | D9: Presidencia de la República | E9: Decreto | F9: 1337 de 1978 | G9: Por el cual se reglamentan los artículos 14 y 17 del Decreto - ley 2811 de 1974 | H9: Aplicación total | I9: Vigente | J9: Sin observaciones | K9: No especifica | L9: X | Q9: X
B10: =+B9+1 -> 3 | C10: AGUA | D10: Congreso de la República | E10: Ley | F10: 9 de 1979 | G10: Código Sanitario Nacional | H10: Art. 69 Art. 71 | I10: Vigente | J10: Sin observaciones | K10: No especifica | L10: X | Q10: X
B11: =+B10+1 -> 4 | C11: AGUA | D11: Congreso de la República | E11: Ley | F11: 373 de 1997 | G11: Por la cual se establece el programa para el uso eficiente y ahorro del agua. | H11: Art.12 | I11: Vigente | J11: Sin observaciones | K11: No especifica | L11: X | Q11: X
B12: =+B11+1 -> 5 | C12: AGUA | D12: Concejo de Bogotá D.C | E12: Acuerdo | F12: 79 de 2003 | G12: Por la cual se expide el Código de Policía de Bogotá, D.C. | H12: Art. 58 Núm. 1 Art. 59 Núm. 2,3,8,9,10 | I12: Vigente | J12: Sin observaciones | K12: No especifica | L12: X | Q12: X
B13: =+B12+1 -> 6 | C13: AGUA | D13: Presidencia de la República | E13: Decreto | F13: 3930 de 2010 | G13: Por el cual se reglamenta parcialmente el Título I de la Ley 9ª de 1979, así como el Capítulo II del Título VI -Parte III- Libro II del Decreto-ley 2811 de 1974 en cuanto a usos del agua y residuos líquidos y se dictan otras disposiciones. | H13: Art. 10, Art. 19 | I13: Vigente Compilado en el Decreto 1076 de 2015. | J13: Sin observaciones | K13: No especifica | N13: X | S13: X
B14: =+B13+1 -> 7 | C14: AGUA | D14: Congreso de la República | E14: Ley | F14: 1801 de 2016 | G14: Por la cual se expide el Código Nacional de Policía y Convivencia | H14: Art 100 | I14: Vigente | J14: Sin observaciones | K14: No especifica | L14: X | O14: La Entidad, en apoyo la preservación del agua NO REALIZA las siguientes actividades: 1. Utilizarla en actividades diferentes a la respectiva autorización ambiental. 2. Arrojar sustancias contaminantes, residuos o desechos a los cuerpos de agua. 3. Deteriorar, dañar o alterar los cuerpos de agua, zonas de ronda hídrica y zonas de manejo y preservación ambiental en cualquier forma. 4. Captar agua de las fuentes hídricas sin la autorización de la autoridad ambiental. 5. Lavar bienes muebles en el espacio público, vía pública, ríos, canales y quebradas. 6. Realizar cualquier actividad en contra de la normatividad sobre conservación y preservación de humedales, | P14: NA | Q14: X | T14: La Entidad, en apoyo la preservación del agua NO REALIZA las siguientes actividades: 1. Utilizarla en actividades diferentes a la respectiva autorización ambiental. 2. Arrojar sustancias contaminantes, residuos o desechos a los cuerpos de agua. 3. Deteriorar, dañar o alterar los cuerpos de agua, zonas de ronda hídrica y zonas de manejo y preservación ambiental en cualquier forma. 4. Captar agua de las fuentes hídricas sin la autorización de la autoridad ambiental. 5. Lavar bienes muebles en el espacio público, vía pública, ríos, canales y quebradas. 6. Realizar cualquier actividad en contra de la normatividad sobre conservación y preservación de humedales. | U14: NA
B15: =+B14+1 -> 8 | C15: AGUA | D15: Ministerio de Trabajo | E15: Resolución | F15: 312 de 2019 | G15: Por la cual se definen los Estándares Mínimos del Sistema de Gestión de la Seguridad y Salud en el Trabajo SG-SST | H15: Art .16 Servicios de higiene | I15: Vigente | J15: Sin observaciones | K15: Verificar mediante observación directa si se cumple lo exigido en el criterio, dejando soporte fílmico o fotográfico al respecto. | L15: X | O15: Reporte de suministro de agua: La Entidad cuenta con suministro permanente de agua potable en cada uno de los pisos arrendados, así mismo se cuenta con el formato SC03-F32 Reporte de suministro de agua, donde se registra diariamente si la entidad cuenta o no con suministro de agua, en el caso de que no haya se informa la razón por la cual se quitó el suministro. | P15: Archivo de Gestión Ambiental - Instrumentos del Sistema de Gestión Ambiental -Evidencias cumplimiento Resolución 312 de 2019 | Q15: X | T15: Reporte de suministro de agua: Para esta sede se cuenta con suministro permanente de agua potable en cada una de las bodegas arrendadas, así mismo se cuenta con el formato SC03-F32 Reporte de suministro de agua, donde se registra diariamente si la entidad cuenta o no con suministro de agua, en el caso de que no haya se informa la razón por la cual se quitó el suministro. | U15: Archivo de Gestión Ambiental - Instrumentos del Sistema de Gestión Ambiental - Resolución 312 de 2019 - Evidencias cumplimiento - Suministro de Agua
B16: =+B15+1 -> 9 | C16: LAVADO DE TANQUES | D16: Secretaría Distrital de Salud | E16: Resolución | F16: 2190 de 1991 | G16: Por la cual se reglamentan las condiciones para transporte de agua en carrotanque, lavado y desinfección de tanques de almacenamiento domiciliario y Empresas que realizan la actividad de lavado y desinfección de tanques domiciliarios. | H16: Cap. II | I16: Vigente | J16: Sin observaciones | K16: Los tanques de almacenamiento domiciliario deberán ser sometidos a lavado y desinfección mínimo 2 veces al año y en caso de detectar daños o infiltraciones se realizará el lavado y desinfección después de su reparación. | L16: X | O16: El Sistema de Gestión Ambiental da cumplimiento mediante la inclusión del criterio ambiental en el proceso de contratación de arriendo, en la cual se le solicita al propietario realiza como mínimo cada 6 meses el lavado y desinfección de los tanques de almacenamiento de agua. El edificio donde se encuentra la sede se suministra agua sin ruido, en cantidad y presión suficiente en los puntos de consumo. | P16: Archivo de Gestión Ambiental Digital - Programa de Compras Públicas Sostenibles - Ficha, declaración, verificación y soportes de criterios ambientales | Q16: X | T16: Se da cumplimiento mediante la inclusión del criterio ambiental en el proceso de contratación de arriendo, en la cual se le solicita al propietario realiza como mínimo cada 6 meses el lavado y desinfección de los tanques de almacenamiento de agua. El edificio donde se encuentra la sede se suministra agua sin ruido, en cantidad y presión suficiente en los puntos de consumo. | U16: Archivo de Gestión Ambiental - Programa de Compras Públicas Sostenibles - Ficha, declaración, verificación y soportes de criterios ambientales | V16: Solicitar los certificados de lavado de tanques en los tiempos establecidos | W16: Grupo de Trabajo de Servicios Administrativos y Recursos Físicos. Profesionales del SGA
B17: =+B16+1 -> 10 | C17: LAVADO DE TANQUES | D17: Concejo de Bogotá D.C | E17: Acuerdo | F17: 79 de 2003 | G17: Por la cual se expide el Código de Policía de Bogotá, D.C. | H17: Art. 59 Núm. 3 | I17: Vigente | J17: Sin observaciones | K17: No especifica | L17: X | Q17: X
B18: =+B17+1 -> 11 | C18: LAVADO DE TANQUES | D18: Presidencia de la República | E18: Decreto | F18: 1575 de 2007 | G18: Por el cual se establece el Sistema para la Protección y Control de la Calidad del Agua para Consumo Humano | H18: Art. 1 Art. 10 | I18: Vigente | J18: Sin observaciones | K18: No especifica | L18: X | Q18: X
B19: =+B18+1 -> 12 | C19: SANITARIOS | D19: Ministerio de Trabajo | E19: Resolución | F19: 312 de 2019 | G19: Por la cual se definen los Estándares Mínimos del Sistema de Gestión de la Seguridad y Salud en el Trabajo SG-SST | H19: Art. 16 Servicios de higiene | I19: Vigente | J19: Sin observaciones | K19: Verificar mediante observación directa si se cumple lo exigido en el criterio, dejando soporte fílmico o fotográfico al respecto. | L19: X | O19: La sede cuentan con servicios sanitarios tanto para damas como para caballeros en cada uno de las áreas arrendadas. | P19: Archivo de Gestión Ambiental - Instrumentos del Sistema de Gestión Ambiental -Evidencias cumplimiento Resolución 312 de 2019 | Q19: X | T19: La sede cuenta con servicios sanitarios tanto para damas como para caballeros en cada uno de las áreas arrendadas. | U19: Archivo de Gestión Ambiental - Instrumentos del Sistema de Gestión Ambiental - Resolución 312 de 2019 - Evidencias cumplimiento | V19: NA | W19: Grupo de Trabajo de Servicios Administrativos y Recursos Físicos. Profesionales del SGA
B20: =+B19+1 -> 13 | C20: VERTIMIENTOS | D20: Congreso de la República | E20: Ley | F20: 9 de 1979 | G20: Código Sanitario Nacional | H20: Art .10 Art. 14 | I20: Vigente | J20: Sin observaciones | K20: No especifica | L20: X | O20: Red hidráulica: La sede cuentan con redes hidráulicas las cuales están conectadas adecuadamente con la red de alcantarillado publico, los vertimientos que se generan son de carácter domésticos por el uso de los baños y cafeterías, ya que en la Entidad no se genera ningún tipo de actividad industrial. En la sede no se cuenta con ningún proceso que genere alguna de las siguientes actividades: - Disposición a la red de alcantarillado público de vísceras o tejidos animales, hueso, pelo, pieles o carnaza, entrañas, sangre, plumas, residuos sólidos. - Disposición de sustancias sólidas, líquidas o gaseosas que sean consideradas como peligrosas (diferente a aceite usado). - Vertimiento de aguas residuales a las calles, calzadas y canales o sistemas de alcantarillado para aguas lluvias. Se realiza el pago del servicio publico de acueducto de los espacios ocupados de la sede del por medio del contratista de acuerdo al recobro realizando por la administración del edificio. | P20: Verificación in situ | Q20: X | T20: Red hidráulica: La sede cuenta con redes hidráulicas las cuales están conectadas adecuadamente con la red de alcantarillado publico, los vertimientos que se generan son de carácter domésticos por el uso de los baños y cafeterías, ya que en la Entidad no se genera ningún tipo de actividad industrial. En la sede no se cuenta con ningún proceso que genere alguna de las siguientes actividades: - Disposición a la red de alcantarillado público de vísceras o tejidos animales, hueso, pelo, pieles o carnaza, entrañas, sangre, plumas, residuos sólidos. - Disposición de sustancias sólidas, líquidas o gaseosas que sean consideradas como peligrosas (diferente a aceite usado). - Vertimiento de aguas residuales a las calles, calzadas y canales o sistemas de alcantarillado para aguas lluvias. | U20: Verificación in situ | V20: NA | W20: Grupo de Trabajo de Servicios Administrativos y Recursos Físicos. Profesionales del SGA
B21: =+B20+1 -> 14 | C21: VERTIMIENTOS | D21: Secretaria Distrital del Medio Ambiente | E21: Resolución | F21: 3957 de 2009 | G21: "Por la cual se establece la norma técnica, para el control y manejo de los vertimientos realizados a la red de alcantarillado público en el Distrito Capital | H21: Art. 1 Art. 14 Capitulo VI | I21: Vigente | J21: Sin observaciones | K21: Permiso de vertimiento o Concepto técnico de la Secretaría Distrital de Ambiente | N21: X | S21: X
B22: =+B21+1 -> 15 | C22: VERTIMIENTOS | D22: Presidencia de la República | E22: Decreto | F22: 3930 de 2010 | G22: Por el cual se reglamenta parcialmente el Título I de la Ley 9ª de 1979, así como el Capítulo II del Título VI -Parte III- Libro II del Decreto-ley 2811 de 1974 en cuanto a usos del agua y residuos líquidos y se dictan otras disposiciones. | H22: Art. 1 Art. 2 Art .24 Art. 25 Art. 36 Art. 38 Art. 41 Art. 79 | I22: Vigente Compilado en el Decreto 1076 de 2015. | J22: Sin observaciones | K22: No especifica | L22: X | Q22: X
B23: =+B22+1 -> 16 | C23: VERTIMIENTOS | D23: Presidencia de la República | E23: Decreto | F23: 1076 de 2015 | G23: Por medio del cual se expide el Decreto Único Reglamentario del Sector ambiente y desarrollo sostenible | H23: Art. 2.2.3.3.2.2 Art. 2.2.3.3.4.3 Art. 2.2.3.3.4.4 Art. 2.2.3.3.5.1 Art. 2.2.3.3.5.7 Art. 2.2.9.7.2.4. Art. 2.2.9.7.2.5. | I23: Vigente | J23: Pregunta: Se incluyeron los artículos que están en rojo aplican para la entidad ? Sí aplican. Está bien, sin observaciones | K23: No especifica | L23: X | Q23: X
B24: =+B23+1 -> 17 | C24: VERTIMIENTOS | D24: Presidencia de la República | E24: Decreto | F24: 50 de 2018 | G24: Por el cual se modifica parcialmente el Decreto 1076 de 2015, Decreto único Reglamentario del Sector Ambiente y Desarrollo Sostenible en relación con los Consejos Ambientales Regionales de la Macrocuencas (CARMAC), el Ordenamiento del Recurso Hídrico y Vertimientos y se dictan otras disposiciones | H24: Art 4 Art.5 Art 12 | I24: Vigente | J24: Sin observaciones | K24: No especifica | L24: X | Q24: X
B25: =+B24+1 -> 18 | C25: ENERGÍA | D25: Ministerio de Trabajo y Seguridad Social | E25: Resolución | F25: 2400 de 1979 | G25: Por la cual se establecen algunas disposiciones sobre vivienda, higiene y seguridad en los establecimientos de trabajo. | H25: Art. 7 Capítulo III del Titulo III-Art 79-87 | I25: Vigente | J25: Sin observaciones | K25: No especifica | L25: X | O25: La sede cuenta con ventanales grandes en donde se puede aprovechar la luz natural, así mismo, cuenta con iluminación led con sensores con la cantidad adecuada en cada una de las áreas de trabajo. | P25: N/A | Q25: X | T25: La sede cuenta con ventanales en donde se puede aprovechar la luz natural, así mismo, cuenta con iluminación led y con la cantidad adecuada en cada una de las áreas de trabajo. | U25: N/A | V25: Expedir y/o actualizar la circular para el ahorro de energía Incluir en los procesos de contratación criterios ambientales de eficiencia energética. Realizar campañas de ahorro de energía en la Entidad. | W25: Grupo de Trabajo de Servicios Administrativos y Recursos Físicos. Profesionales del SGA
B26: =+B25+1 -> 19 | C26: ENERGÍA | D26: Congreso de la República | E26: Ley | F26: 697 de 2001 | G26: Mediante la cual se fomenta el uso racional y eficiente de la energía, se promueve la utilización de energías alternativas y se dictan otras disposiciones. | H26: Art 1 Art 2 Art 8 | I26: Vigente | J26: Sin observaciones | L26: X | O26: Programa de Gestión: Se cuenta con un programa de gestión que tiene como objeto, "Optimizar el ahorro y el uso eficiente de la energía a través de acciones, hábitos y estrategias que ayuden al fortalecimiento de la cultura ambiental en los funcionarios y contratistas, tendientes a reducir el consumo de energía en la Superintendencia de Industria y Comercio". El programa se encuentra identificado en el SIGI proceso Gestión Ambiental, bajo el código SC03-F14 y tiene como alcance las diferentes sedes de la Entidad. Circular con medidas de ahorro de energía: El Sistema de Gestión Ambiental con el propósito de hacer un uso más eficiente y racional de la energía eléctrica en la Entidad, imparte instrucciones y lineamientos a favor del medio ambiente y las buenas prácticas para el ahorro de energía, esto se hace a través de la expedición de una circular interna donde se establecen medidas de obligatorio cumplimiento. Campañas: Sensibilización-divulgación realizadas a través de los diferentes medios de comunicación que tiene la Entidad, dirigido a servidores públicos y contratistas de la SIC, en temas de uso eficiente y racional del energía. Criterios ambientales: El sistema de gestión ambiental incluye criterios ambientales a los contratos donde se adquiera y/o alquile equipos para la prestación del servicio y/o cumplimiento del objeto contractual estos deben contar con sistemas de bajo consumo energético y/o con requerimientos de eficiencia energética en el encendido, hibernación y apagado. Reporte de daños Eléctricos: Se realiza reporte y seguimiento de los daños reportados en las áreas de trabajo de la sede mediante los formatos SC03-F24 y SC03-F44. Mantenimiento locativo: El contratista del arriendo de la sede es el responsable de atender los daños eléctricos que se puedan presentar, esto es verificado mediante la verificación de criterios ambientales. | P26: Programa para el uso Eficiente y Racional para la Energía SC03-F14: https://sigi.sic.gov.co/SIGI/portal/document_tab.php?id_doc=801&version=5&opcion_regreso=1 CIRCULAR INTERNA N° 13 DEL 2025 https://intranet.sic.gov.co/sites/default/files/2025-09/circular_interna_no_013_del_29_de_agosto_de_2025.pdf Archivo de Gestión Ambiental - Instrumentos del Sistema de Gestión Ambiental - Informes de gestión ambiental Archivo de Gestión Ambiental - Programas para el Uso Eficiente y Racional del Energía - reporte de daños hidráulicos y eléctricos SC03-F24 - seguimiento al reporte de daños hidráulicos y eléctricos SC03-F44 | Q26: X | T26: Programa de Gestión: Se cuenta con un programa de gestión que tiene como objeto, "Optimizar el ahorro y el uso eficiente de la energía a través de acciones, hábitos y estrategias que ayuden al fortalecimiento de la cultura ambiental en los funcionarios y contratistas, tendientes a reducir el consumo de energía en la Superintendencia de Industria y Comercio". El programa se encuentra identificado en el SIGI proceso Gestión Ambiental, bajo el código SC03-F14 y tiene como alcance las diferentes sedes de la Entidad. Circular de medidas de ahorro de energía: El Sistema de Gestión Ambiental con el propósito de hacer un uso más eficiente y racional de la energía eléctrica en la Entidad, imparte instrucciones y lineamientos a favor del medio ambiente y las buenas prácticas para el ahorro de energía, esto se hace a través de la expedición de una circular interna donde se establecen medidas de obligatorio cumplimiento. Anualmente se expide la correspondiente Circular Interna para las medidas de ahorro de energía. Campañas: Sensibilización-divulgación realizadas a través de los diferentes medios de comunicación que tiene la Entidad, dirigido a servidores públicos y contratistas de la SIC, en temas de uso eficiente y racional del energía. Criterios ambientales El Sistema de Gestión Ambiental da cumplimiento mediante la inclusión del criterio ambiental en el proceso de contratación de arriendo, en la cual se le solicita al propietario la implementación de Sistemas o implementos de bajo consumo de energía y el arreglo de los daños eléctricos. | U26: Programa para el uso Eficiente y Racional para la Energía SC03-F14: https://sigi.sic.gov.co/SIGI/portal/document_tab.php?id_doc=801&version=5&opcion_regreso=1 Programa de Compras Públicas Sostenibles SC03-F20: https://sigi.sic.gov.co/SIGI/portal/document_tab.php?id_doc=955&version=6&opcion_regreso=1 CIRCULAR INTERNA N° 13 DEL 2025 https://intranet.sic.gov.co/sites/default/files/2025-09/circular_interna_no_013_del_29_de_agosto_de_2025.pdf Archivo de Gestión Ambiental - Programa de Compras Públicas Sostenibles - Ficha, declaración, verificación y soportes de criterios ambientales
B27: =+B26+1 -> 20 | C27: ENERGÍA | D27: Presidencia de la República | E27: Decreto | F27: 3683 de 2003 | G27: Por el cual se reglamenta la Ley 697 de 2001 y se crea una Comisión Intersectorial. | H27: Art. 1 Art. 3 Art. 11 Art. 22 | I27: Vigente Compilado en el Decreto 1073 de 2015. | J27: Sin observaciones | K27: No especifica | N27: X | S27: X
B28: =+B27+1 -> 21 | C28: ENERGÍA | D28: Presidencia de la República | E28: Decreto | F28: 2331 de 2007 | G28: Por el cual se establece una medida tendiente al uso racional y eficiente de energía eléctrica. | H28: Art. 1 (Adicionado por el art. 1, Decreto 895 de 2008). Art 2 (Adicionado por el art. 2, Decreto 895 de 2008). | I28: Vigente Compilado en el Decreto 1073 de 2015. | J28: Sin observaciones | K28: No especifica | L28: X | Q28: X
B29: =+B28+1 -> 22 | C29: ENERGÍA | D29: Presidencia de la República | E29: Decreto | F29: 895 de 2008 | G29: Por el cual se modifica y adiciona el Decreto 2331 de 2007 sobre uso racional y eficiente de energía eléctrica | H29: Art. 1 Art. 2 Art. 4 | I29: Vigente | J29: Sin observaciones | K29: No especifica | L29: X | Q29: X
B30: =+B29+1 -> 23 | C30: ENERGÍA | D30: Presidencia de la República | E30: Decreto | F30: 3450 de 2008 | G30: Por el cual se dictan medidas tendientes al uso racional y eficiente de la energía eléctrica. | H30: Art 1 Art. 2 Art. 4 | I30: Vigente Compilado en el Decreto 1073 de 2015. | J30: Sin observaciones | K30: No especifica | N30: X | S30: X
B31: =+B30+1 -> 24 | C31: ENERGÍA | D31: Presidencia de la República | E31: Decreto | F31: 1073 de 2015 | G31: Por la cual medio del cual se expide el Decreto Único Reglamentario del Sector Administrativo de Minas y Energía. | H31: Art. 2.2.3.6.2.1; Art 2.2.3.6.2.2. Art 2.2.3.6.3.2.2.1 ; Art 2.2.3.6.3.1 Art 2.2.3.6.3.2; Art 2.2.3.6.3.4 Art 2.2.3.6.3.5; Art 2.2.3.6.3.6 | I31: Vigente | J31: Sin observaciones | K31: No especifica | L31: X | Q31: X
B32: =+B31+1 -> 25 | C32: ENERGÍA | D32: Ministerio de Minas y Energía | E32: Resolución | F32: 40156 de 2022 | G32: Por la cual se adopta el Plan de Acción Indicativo 2022-2030 para el desarrollo del Programa de Uso Racional y Eficiente de la Energía, PROURE, que define objetivos y metas indicativas de eficiencia energética, acciones y medidas sectoriales y estrategias base para el cumplimiento de metas y se adoptan otras disposiciones. | H32: Aplicación Total | I32: Vigente | J32: Sin observaciones | K32: No especifica | N32: X | S32: X
B33: =+B32+1 -> 26 | C33: ENERGÍA | D33: Congreso de la República | E33: Ley | F33: 1715 de 2014 | G33: Por medio de la cual se regula la integración de las energías renovables no convencionales al sistema energético nacional. | H33: Art. 30 Capitulo VII - Art. 41. | I33: Vigente | J33: Sin observaciones | K33: En un término no superior a un (1) año, a partir de la entrada en vigencia de la presente Ley realizarán una auditoría energética de sus instalaciones, con una periodicidad de cada cuatro (4) años y establecerán objetivos de ahorro de energía a ser alcanzados a través de medidas de eficiencia energética y la implementación de Fuentes No Convencionales de Energía Renovable -FNCER-. Cada entidad deberá implementar en el siguiente año posterior a las auditorías energéticas, estrategias que permitan un ahorro en el consumo de energía de mínimo 15% respecto del consumo del año anterior, y a partir del segundo año, metas sostenibles definidas por la auditoría y a ser alcanzadas a más tardar en el año 2026. | L33: X | O33: Auditoria Energética: Se adjudico contrato 1703 de 2025 con el contratistas INGTECNOVA SAS BIC quien fue el encargado de realizar la auditoria energética del 27 de noviembre al 15 de diciembre de 2025. Acorde a la resolución 40412 del 2 de octubre de 2024, la cual reglamenta lo relacionado a auditoria energética de los edificios pertenecientes a las administraciones públicas, se determina el alcance y el ámbito de aplicación respecto del tipo de entidades estatales, por lo cual se indica el artículo 3 ámbito de aplicación parágrafo 3 lo siguiente: “Parágrafo 3. Las edificaciones en calidad de arrendamiento, comodato u otra figura jurídica similar en donde se desarrollen funciones propias de la Administración Pública, podrán realizar auditoria energética de que trata presente resolución e implementar únicamente MEDIDAS ASOCIADAS A BUENAS PRÁCTICAS OPERACIÓN” Por lo anterior, se están tomando las buenas practicas del informe entregado por el contratista para dar cumplimiento a lo establecido a la norma. | P33: Contrato 1703 de 2025 - INGTECNOVA SAS BIC Link SECOP II: https://community.secop.gov.co/Public/Tendering/OpportunityDetail/Index?noticeUID=CO1.NTC.9059683&isFromPublicArea=True&isModal=true&asPopupView=true | S33: X
B34: =+B33+1 -> 27 | C34: ENERGÍA | D34: Congreso de la República | E34: Ley | F34: 2294 de 2023 | G34: Por el cual se expide el plan nacional de desarrollo 2022- 2026 “Colombia potencia mundial de la vida. | H34: Art. 237 | I34: Vigente | J34: Sin observaciones | L34: X | S34: X
B35: =+B34+1 -> 28 | C35: ENERGÍA | D35: Unidad de Planeación Minero Energética | E35: Resolución | F35: 16 de 2024 | G35: Por la cual se adopta la metodología de la línea base de consumo y el ahorro estimado, la cual deberá ser atendida por las entidades en la elaboración e implementación de sus medidas para dar cumplimiento a lo establecido en el artículo 237 de la Ley 2294 de 2023. | H35: Aplicación Total | I35: Vigente | J35: Sin observaciones | K35: Implementación de las medidas de eficiencia energética. | L35: X | S35: X
B36: =+B35+1 -> 29 | C36: ENERGÍA | D36: Ministerio de Minas y Energía | E36: Resolución | F36: 40412 de 2024 | G36: Por la cual se reglamenta parcialmente el artículo 237 de la Ley 2294 de 2023 del Plan Nacional de Desarrollo 2022-2026 “Colombia Potencia Mundial de la Vida”, en lo relacionado con la auditoria energética de los edificios pertenecientes a las Administraciones Públicas. | H36: Art 3 | I36: Vigente | J36: Sin observaciones | L36: X | S36: X
B37: =+B36+1 -> 30 | C37: ENERGÍA | D37: Congreso de la República | E37: Ley | F37: 2407 de 2024 | G37: Por medio de la cual se adoptan medidas para promover el uso racional y eficiente de energía, se establecen lineamientos para los planes de eficiencia energética de las entidades públicas, se incentivan construcciones sostenibles y se dictan otras disposiciones. | H37: Art 1, 2, 3, 7, | I37: Vigente | J37: Sin observaciones | K37: Se da cumplimiento a cada Articulo de acuerdo a lo informado . | L37: X | O37: Art2: La SIC está determinada como comprador o consumidor teniendo en cuenta la siguiente definición, este término también se encuentra en el artículo 6 parágrafo 2 y artículo 7. Art 3, Se designo responsable del Sistema Ambiental como gestora en compañía de personal de mantenimiento locativo de la Entidad. Cada vigencia se establece una meta de reducción para el consumo de energía en la Entidad. Esta información se puede consulta el SIGI - Sistema Integral de Gestión Institucional. Art 7. El SGA cuenta con el Programa para el Uso Eficiente y Racional de la Energía. "Los Sistemas de Gestión de Energía SGE deben contar con los siguientes puntos, de los cuales la SIC ya tiene implementado": 1-Política: La Entidad cuenta con la política SIGI que integra la ambiental y allí se menciona el recurso natural de la Energía. En todo caso en las reuniones que tiene el ministerio toca hacer la consulta si es necesario una solo sobre el tema o si esta política integrada se puede manejar para dar cumplimiento 2- Objetivos: La Programa de energía tiene ya establecido un objetivo. 3- Meta: El programa cuenta con una meta de reducción de consumo de energía. 4- Plan de acción: Dentro del cronograma de actividades del SGA, se encuentran establecidas las actividades para el programa. 5- Indicadores: Se cuenta con un indicador en el SIGI donde trimestralmente se reporta. 6- Gestores: Como se indico se propone que se designe a la responsable del Sistema Ambiental como gestora en compañía de personal de mantenimiento locativo de la Entidad. | P37: Programa para el uso Eficiente y Racional para la Energía SC03-F14: https://sigi.sic.gov.co/SIGI/portal/document_tab.php?id_doc=801&version=5&opcion_regreso=1 Política. https://sedeelectronica.sic.gov.co/transparencia/normativa/normativa-de-la-entidad/politicas-lineamientos-y-manuales Objetivo, Meta, Indicadores https://sigi.sic.gov.co/SIGI/files/mod_documentos/anexos/2104/ANEXO%20NO.%202%20MATRIZ%20DE%20OBJETIVOS%2C%20METAS%20E%20INDICADORES%20DEL%20SGA%202025.pdf Cronograma de trabajo | Q37: X | T37: Art2: La SIC está determinada como comprador o consumidor teniendo en cuenta la siguiente definición, este término también se encuentra en el artículo 6 parágrafo 2 y artículo 7. Art 3, Se designo responsable del Sistema Ambiental como gestora en compañía de personal de mantenimiento locativo de la Entidad. Cada vigencia se establece una meta de reducción para el consumo de energía en la Entidad. Esta información se puede consulta el SIGI - Sistema Integral de Gestión Institucional. Art 7. El SGA cuenta con el Programa para el Uso Eficiente y Racional de la Energía. "Los Sistemas de Gestión de Energía SGE deben contar con los siguientes puntos, de los cuales la SIC ya tiene implementado": 1-Política: La Entidad cuenta con la política SIGI que integra la ambiental y allí se menciona el recurso natural de la Energía. En todo caso en las reuniones que tiene el ministerio toca hacer la consulta si es necesario una solo sobre el tema o si esta política integrada se puede manejar para dar cumplimiento 2- Objetivos: La Programa de energía tiene ya establecido un objetivo. 3- Meta: El programa cuenta con una meta de reducción de consumo de energía. 4- Plan de acción: Dentro del cronograma de actividades del SGA, se encuentran establecidas las actividades para el programa. 5- Indicadores: Se cuenta con un indicador en el SIGI donde trimestralmente se reporta. 6- Gestores: Como se indico se propone que se designe a la responsable del Sistema Ambiental como gestora en compañía de personal de mantenimiento locativo de la Entidad. | U37: Programa para el uso Eficiente y Racional para la Energía SC03-F14: https://sigi.sic.gov.co/SIGI/portal/document_tab.php?id_doc=801&version=5&opcion_regreso=1 Política. https://sedeelectronica.sic.gov.co/sites/default/files/normativa/POLIT2_%20%281%29.pdf Objetivo, Meta, Indicadores https://sigi.sic.gov.co/SIGI/files/mod_documentos/anexos/2104/ANEXO%20NO.%202%20MATRIZ%20DE%20OBJETIVOS%2C%20METAS%20E%20INDICADORES%20DEL%20SGA%202025.pdf Cronograma de trabajo
B38: =+B37+1 -> 31 | C38: FUENTES FIJAS | D38: Ministerio de Ambiente, Vivienda y Desarrollo Territorial | E38: Resolución | F38: 1309 de 2010 | G38: Modifica el protocolo para emisiones de fuentes fijas. En caso de contarse con plantas de emergencia con capacidad igual o superior a 1MW se debe generar mediciones conforme a la norma. | H38: Art 2. | I38: Vigente | J38: Sin observaciones | K38: No especifica | L38: X | O38: El edificio donde se encuentra la sede principal cuenta con una planta eléctrica de respaldo dedicada a atender las eventualidades que se presenten, su operación y mantenimiento está a cargo de la administración del edificio. Esto se revisa por medio de criterios ambientales | P38: Programa de Compras Públicas Sostenibles SC03-F20: https://sigi.sic.gov.co/SIGI/portal/document_tab.php?id_doc=955&version=6&opcion_regreso=1 Programa de gestión de emisiones atmosféricas y adaptación al cambio climático - SC03-F40 https://sigi.sic.gov.co/SIGI/portal/document_tab.php?id_doc=2426&version=3&opcion_regreso=1 Archivo de Gestión Ambiental - Programas de Compras Públicas Sostenibles - Ficha, declaración, verificación y soportes de criterios ambientales Archivo de Gestión Ambiental - Programa Emisiones Atmosféricas y Adaptación al Cambio Climático - Consumo de Combustible Planta Eléctrica SC03-F38 | S38: X | T38: Las bodegas cuentan con equipos UPS bifásicos de 6 KVA con autonomía de un minuto. No se cuenta con planta eléctrica | U38: NA | V38: Seguimiento a procesos de contratación con criterios ambientales. | W38: Profesionales del SGA Contratista tercerizado
B39: =+B38+1 -> 32 | C39: FUENTES MÓVILES | D39: Concejo de Bogotá D.C | E39: Acuerdo | F39: 79 de 2003 | G39: Por la cual se expide el Código de Policía de Bogotá, D.C. | H39: Art 56 Núm. 1 | I39: Vigente | J39: Sin observaciones | K39: No especifica | L39: X | O39: Inventario de vehículos: La Entidad dispone del inventario de vehículos mediante el formato SC03-F34 INVENTARIO DE VEHÍCULOS, los cuales para su operación deben contar con los respectivos Certificados de Revisión Tecnicomecánica y de emisiones contaminantes. Este requisito no se exige para los vehículos que entran en proceso de baja o ya no tienen operación. Así mismo, este certificado será exigible en los términos del Artículo 179 de la Ley 2294 del 19 de mayo de 2023 según el cual la primera revisión técnico-mecánica y de emisiones contaminantes del vehículo se hará al cumplir el quinto año, contado a partir de la fecha de expedición de la matrícula. Se verifica que la RTM se encuentren vigentes (1 año) Contrato de mantenimiento correctivo y preventivo: Los vehículos cuentan con el debido mantenimiento correctivo y preventivo, estos se realizan a través del contrato de servicio de mantenimiento mecánico preventivo y correctivo con suministro de repuestos y mano de obra para los vehículos de propiedad y a cargo de la Superintendencia de Industria y Comercio de cada vigencia. Rutas de la Entidad. Los vehículos que funcionan para las rutas de funcionarios de la Entidad, se da cumplimiento a través de la inclusión de criterios ambientales que se incluyen en el contrato de la respectiva vigencia. Rutas del consumidor. Los vehículos que funcionan para las rutas del consumidor de la Entidad, se da cumplimiento a través de la inclusión de criterios ambientales que se incluyen en el contrato de la respectiva vigencia. | P39: Programa de Compras Públicas Sostenibles SC03-F20: https://sigi.sic.gov.co/SIGI/portal/document_tab.php?id_doc=955&version=6&opcion_regreso=1 Programa de gestión de emisiones atmosféricas y adaptación al cambio climático - SC03-F40 https://sigi.sic.gov.co/SIGI/portal/document_tab.php?id_doc=2426&version=3&opcion_regreso=1 Revisión tecnicomecánica: -Formato SC03-F34 INVENTARIO DE VEHÍCULOS -Certificados de revisión tecnicomecánica cuando aplique a los vehículos en operación. Archivo de Gestión Ambiental - Programas de Compras Públicas Sostenibles - Ficha, declaración, verificación y soportes de criterios ambientales | S39: X | T39: Este ítem no aplica para esta sede, dado que en esta solo se realiza el manejo de archivo de la Entidad. | U39: NA | V39: Incluir criterios ambientales a los contratos que cuenten con parque automotor para el cumplimiento del objeto contractual. | W39: Grupo de Trabajo de Servicios Administrativos y Recursos Físicos. Grupo de trabajo de talento Humano Profesionales del SGA
B40: =+B39+1 -> 33 | C40: FUENTES MÓVILES | D40: Presidencia de la República | E40: Decreto | F40: 948 de 1995 | G40: Por el cual se reglamentan, parcialmente, la Ley 23 de 1973, los artículos 33, 73, 74, 75 y 76 del Decreto - Ley 2811 de 1974; los artículos 41, 42, 43, 44, 45, 48 y 49 de la Ley 9 de 1979; y la Ley 99 de 1993, en relación con la prevención y control de la contaminación atmosférica y la protección de la calidad del aire. | H40: Art. 1, Art. 14, Art. 18, Art. 26, Art. 36, Art. 37, Art. 38 (modificado por el Decreto 1552 de 2000, art 1º) Art. 39, Art. 40 (modificado por Decreto 1530 de 2002, art. 1), Art. 61, Art. 62, Art. 63, Art. 90, Art. 91 | I40: Vigente Compilado en el Decreto 1076 de 2015. | J40: Sin observaciones | K40: No especifica | N40: X | S40: X
B41: =+B40+1 -> 34 | C41: FUENTES MÓVILES | D41: Departamento Técnico Administrativo del Medio Ambiente DAMA | E41: Resolución | F41: 160 de 1996 | G41: ​Por la cual se reglamentan los niveles permisibles de emisión de contaminantes producidos por las fuentes móviles con motor a gasolina y diésel. | H41: Aplicación Total | I41: Vigente | J41: Sin observaciones | K41: No especifica | N41: X | S41: X
B42: =+B41+1 -> 35 | C42: FUENTES MÓVILES | D42: Ministerio del Interior | E42: Decreto | F42: 1228 de 1997 | G42: Por medio del cual se modifica parcialmente el Decreto 948 de 1995 que contiene el Reglamento de Protección y Control de la Calidad del Aire. | H42: Aplicación Total | I42: Vigente Compilado en el Decreto 1076 de 2015. | J42: Sin observaciones | K42: No especifica | N42: X | S42: X
B43: =+B42+1 -> 36 | C43: FUENTES MÓVILES | D43: Congreso de la República | E43: Ley | F43: 769 de 2002 | G43: Código Nacional de transito terrestre. Reglamento niveles de emisión | H43: Art 1, Art. 27 (Modificado por La Ley 1383 de 2010 Art 1) Art. 28, Art. 50 (Modificado por La Ley 1383 de 2010 Art 8) Art 51 (modificado por el artículo 201 del Decreto 19 de 2012), Art 52(modificado por el artículo 179 Ley 2294 de 2023), Art 53 (modificado por el artículo 111 del Decreto Ley 2106 de 2019) | I43: Vigente | J43: Sin observaciones | K43: Revisión técnico­ mecánica y de emisiones contaminantes. | L43: X | S43: X
B44: =+B43+1 -> 37 | C44: FUENTES MÓVILES | D44: Departamento Técnico Administrativo del Medio Ambiente DAMA | E44: Resolución Conjunta | F44: 556 de 2003 | G44: Por la cual se expiden normas para el control de las emisiones en fuentes móviles | H44: Art 1 | I44: Vigente | J44: Sin observaciones | K44: Revisión técnico­ mecánica y de emisiones contaminantes vigencia de un (1) año | L44: X | S44: X
B45: =+B44+1 -> 38 | C45: FUENTES MÓVILES | D45: Congreso de la República | E45: Ley | F45: 1383 de 2010 | G45: Por la cual se reforma la Ley 769 de 2002 - Código Nacional de Tránsito, y se dictan otras disposiciones | H45: Art. 1 Art. 8 | I45: Vigente | J45: Sin observaciones | K45: No especifica | L45: X | S45: X
B46: =+B45+1 -> 39 | C46: FUENTES MÓVILES | D46: Ministerio de Transporte | E46: Resolución | F46: 3027 de 2010 | G46: Por la cual se actualiza la codificación de las infracciones de tránsito, de conformidad con lo establecido en la Ley 1383 de 2010, se adopta el Manual de Infracciones y se dictan otras disposiciones. | H46: Art 1 C.35 -a)1,2,3 - b) 2,5, | I46: Vigente | J46: Sin observaciones | K46: Certificado de revisión técnomecánica y de emisiones contaminantes | L46: X | S46: X
B47: =+B46+1 -> 40 | C47: FUENTES MÓVILES | D47: Presidencia de la República | E47: Decreto | F47: 19 de 2012 | G47: Por el cual se dictan normas para suprimir o reformar regulaciones, procedimientos y trámites innecesarios existentes en la Administración Pública. | H47: Art. 201 | I47: Vigente | J47: Sin observaciones | L47: X | S47: X
B48: =+B47+1 -> 41 | C48: FUENTES MÓVILES | D48: Presidencia de la República | E48: Decreto | F48: 1076 de 2015 | G48: Por medio del cual se expide el Decreto Único Reglamentario del Sector ambiente y desarrollo sostenible | H48: Art. 2.2.5.1.1.1. , Art.2.2.5.1.2.12, Art.2.2.5.1.3.2.,Art. 2.2.5.1.3.10, Art.2.2.5.1.4.1.,Art.2.2.5.1.4.2. Art.2.2.5.1.4.3.,Art.2.2.5.1.4.4., Art.2.2.5.1.4.5.,Art.2.2.5.1.5.20. Art.2.2.5.1.5.21.Art.2.2.5.1.5.22., Art.2.2.5.1.8.1., Art.2.2.5.1.8.2. | I48: Vigente | J48: Sin observaciones | K48: Certificación del cumplimiento de normas de emisión para vehículos automotores. Certificado de emisiones | L48: X | S48: X
B49: =+B48+1 -> 42 | C49: FUENTES MÓVILES | D49: Ministro de Ambiente y Desarrollo Sostenible | E49: Resolución | F49: 2254 de 2017 | G49: Por la cual se adopta la norma de calidad del aire ambiente y se dictan otras disposiciones. | H49: Aplicación Total | I49: Vigente | J49: Sin observaciones | K49: No especifica | N49: X | S49: X
B50: =+B49+1 -> 43 | C50: FUENTES MÓVILES | D50: Congreso de la República | E50: Ley | F50: 1972 de 2019 | G50: Por medio de la cual se establece la protección de los derechos a la salud y al medio ambiente sano estableciendo medidas tendientes a la reducción de emisiones contaminantes de fuentes móviles y se dictan otras disposiciones. | H50: Art. 1 Art. 6 Art. 13 | I50: Vigente | J50: Sin observaciones | K50: Certificación de emisiones | L50: X | S50: X
B51: =+B50+1 -> 44 | C51: FUENTES MÓVILES | D51: Congreso de la República | E51: Ley | F51: 1972 de 2019 | H51: Art. 4 | I51: Vigente | J51: Sin observaciones | K51: N/A | N51: X | S51: X
B52: =+B51+1 -> 45 | C52: FUENTES MÓVILES | D52: Congreso de la República | E52: Ley | F52: 1972 de 2019 | H52: Art. 5 | I52: Rige a partir del 1 de Enero de 2035 | J52: Sin observaciones | K52: N/A | N52: X | S52: X
B53: =+B52+1 -> 46 | C53: FUENTES MÓVILES | D53: Ministerio de Transporte | E53: Resolución | F53: 20203040003625 de 2020 | G53: Por la cual se adopta el Formato Uniforme de Resultados (FUR), y el Certificado de Revisión Técnico-Mecánica y de Emisiones Contaminantes Virtual, para vehículos automotores en el territorio nacional | H53: Art 1 Art 6 Art 9 | I53: Compilada en la Resolución 20223040045295 de 2022. | J53: Sin observaciones | K53: Certificado de Revisión Técnico-Mecánica y de Emisiones Contaminantes Virtual para vehículos automotores en el territorio nacional. | L53: X | S53: X
B54: =+B53+1 -> 47 | C54: FUENTES MÓVILES | D54: Ministerio de Ambiente y Desarrollo Sostenible | E54: Resolución | F54: 762 de 2022 | G54: Por la cual se reglamentan los límites máximos permisibles de emisión de contaminantes que deberán cumplir las fuentes móviles terrestres, se reglamentan los artículos 2.2.5.1.6.1, 2.2.5.1.8.2 y 2.2.5.1.8.3 del Decreto 1076 de 2015 y se adoptan otras disposiciones | H54: Aplicación Total | I54: Vigente | J54: Sin observaciones | K54: Certificación de emisiones | N54: X | S54: X
B55: =+B54+1 -> 48 | C55: FUENTES MÓVILES | D55: Ministerio de Transporte | E55: Resolución | F55: 20223040065295 de 2022 | G55: Por medio de la cual se modifica y adiciona la Sección 1 del Capítulo 6 del Título 5 de la Resolución número 20223040045295, de agosto 4 de 2022 en lo relacionado al Programa de Modernización del Parque Automotor de Carga | H55: Aplicación total | I55: Vigente | J55: Sin observaciones | K55: No especifica | L55: X | S55: X
B56: =+B55+1 -> 49 | C56: FUENTES MÓVILES | D56: Congreso de la República | E56: Ley | F56: 2294 de 2023 | G56: Por el cual se expide el plan nacional de desarrollo 2022- 2026 “Colombia potencia mundial de la vida. | H56: Artículo 179 Modifica el artículo 52 de la Ley 769 de 2002 | I56: Vigente | J56: Sin observaciones | K56: N/A | L56: X | S56: X
B57: =+B56+1 -> 50 | C57: MOVILIDAD | D57: Congreso de la República | E57: Ley | F57: 1811 de 2016 | G57: Por la cual se otorgan incentivos para promover el uso de la bicicleta en el territorio nacional y se modifica el código nacional de tránsito | H57: Art. 1 Art. 5 Art. 6 | I57: Vigente | J57: Sin observaciones | K57: Art 1 y 5 No especifica Art 6 Estacionamientos adecuados, seguros y ajustados periódicamente a la demanda, | L57: X | O57: Incentivo uso de bicicletas: El Grupo de Trabajo de Talento Humano es el encargo de tramitar con los funcionarios el incentivo por el uso de la bicicleta indicado en la circular interna No. 2 del 12 de enero de 2018, en la que se indica que si el funcionario acumula 30 comprobantes de parqueadero autorizados por el grupo de vigilancia de la Entidad, la personas puede solicitar medio día libre remunerado, siguiendo las instrucciones expedidas por la circular interna. Campañas: Sensibilización-divulgación realizadas a través de los diferentes medios de comunicación que tiene la Entidad, dirigido a servidores públicos y contratistas de la SIC, Con el fin de conmemorar el uso de la bicicleta y movilidad sostenible, estas se pueden visualizar en los Informes mensuales de Gestión Ambiental. | P57: Circular No. 2 de 2018: http://intrasic.sic.local/sites/default/files/circular%20interna%20No.%202%20Incentivo%20uso%20de%20la%20bicicleta_0.pdf Archivo de Gestión Ambiental - Instrumentos del Sistema de Gestión Ambiental - Informe de Gestión Ambiental - Registro de semana ambiental | Q57: X | T57: Incentivo uso de bicicletas: El Grupo de Trabajo de Talento Humano es el encargo de tramitar con los funcionarios el incentivo por el uso de la bicicleta indicado en la circular interna No. 2 del 12 de enero de 2018, en la que se indica que si el funcionario acumula 30 comprobantes de parqueadero autorizados por el grupo de vigilancia de la Entidad, la personas puede solicitar medio día libre remunerado, siguiendo las instrucciones expedidas por la circular interna. Campañas: Sensibilización-divulgación realizadas a través de los diferentes medios de comunicación que tiene la Entidad, dirigido a servidores públicos y contratistas de la SIC, Con el fin de conmemorar el uso de la bicicleta y estrategias de movilidad sostenible, estas se pueden visualizar en los Informes mensuales de Gestión Ambiental. | U57: Circular No. 2 de 2018: http://intrasic.sic.local/sites/default/files/circular%20interna%20No.%202%20Incentivo%20uso%20de%20la%20bicicleta_0.pdf Archivo de Gestión Ambiental - Instrumentos del Sistema de Gestión Ambiental - Informe de Gestión Ambiental | V57: Realizar campañas que incentiven la movilidad sostenible a los servidores públicos. | W57: Grupo de Trabajo de Talento Humano Profesionales del SGA
B58: =+B57+1 -> 51 | C58: MOVILIDAD | D58: Concejo de Bogotá D.C | E58: Acuerdo | F58: 663 de 2017 | G58: Por medio del cual se crea la estrategia de movilidad sostenible en el distrito capital. | H58: Art 1 Art 2 | I58: Vigente | J58: Sin observaciones | K58: Campañas | N58: X | S58: X
B59: =+B58+1 -> 52 | C59: MOVILIDAD | D59: Congreso de la República | E59: Ley | F59: 1964 de 2019 | G59: Por medio de la cual se promueve el uso de vehículos eléctricos en Colombia y se dictan otras disposiciones. | H59: Aplicación Total | I59: Vigente | J59: Sin observaciones | K59: Generar esquemas de promoción al uso de vehículos eléctricos y de cero emisiones | N59: X | P59: NA | S59: X | U59: NA | W59: Profesionales del SGA
B60: =+B59+1 -> 53 | C60: PLÁSTICOS DE UN SOLO USO | D60: Alcaldía Mayor de Bogotá D.C. | E60: Decreto | F60: 317 de 2021 | G60: Por medio del cual se reglamenta el Acuerdo Distrital No. 808 del 2021 y se establecen medidas para reducir progresivamente la adquisición y consumo de plásticos de un solo uso en las Entidades del Distrito Capital | H60: Aplicación Total | I60: Vigente | J60: Sin observaciones | K60: Las entidades públicas del orden nacional y departamental que deseen de manera voluntaria implementar medidas tendientes a reducir progresivamente el consumo de plásticos de un solo uso, podrán realizarlo bajo la orientación de la Secretaría Distrital de Ambiente. | L60: X | O60: Campañas: Sensibilización-divulgación realizadas a través de los diferentes medios de comunicación que tiene la Entidad, dirigido a servidores públicos y contratistas de la SIC, en temas de uso racional de bolsas plásticas, estas se pueden visualizar en los Informes mensuales de Gestión Ambiental. Anualmente se realizan diferentes campañas programadas en el respectivo cronograma. Aplicación en la Entidad: Por el momento se deja como informativa, teniendo en cuenta que entra en vigencias a partir de: 1. La prohibición de los numerales 1, 2, 3, 6, 7 y 11 se aplicará al término de los dos años contados a partir de la entrada en vigencia de la presente ley. 2. La prohibición de los numerales 4, 5, 8, 9, 10, 12, 13 y 14 se aplicará al término de ocho años contados a partir de la entrada en vigencia de la presente ley. Criterios ambientales: El sistema de gestión ambiental incluye criterios ambientales en los procesos contractuales en los cuales pueda utilizar plásticos de un solo uso para el empacado de la siguiente manera "Teniendo en cuenta lo expuesto en el Decreto 317 de 2021 y el Acuerdo 808 de 2021 por el cual se prohíbe progresivamente los plásticos de un solo uso, se solicita en la medida de lo posible reducir los sobre empacados o empacados en embalajes individuales en los elementos a entregar." Medidas Administrativas para la Reducción Gradual Del Uso de los Productos Plásticos de Un Solo Uso y Transición Hacia Alternativas Sostenibles en Entidades Públicas. a) Dentro del Programa de Gestión para el Manejo de Residuos Solidos se incluyo un objetivo, meta e indicador sobre el uso de productos platicos de un solo uso b) Se realiza inclusión de criterios ambientales en los procesos de contratación tal como se indico anteriormente c y d) Se realizan campañas y divulgaciones de acuerdo a lo informado anteriormente e) Se cuenta con cronograma de trabajo del sistema de gestión ambiental. | P60: Programa de Compras Públicas Sostenibles SC03-F20: https://sigi.sic.gov.co/SIGI/portal/document_tab.php?id_doc=955&version=6&opcion_regreso=1 Archivo de Gestión Ambiental - Instrumentos del Sistema de Gestión Ambiental - Informe de Gestión Ambiental. Archivo de Gestión Ambiental - Programa de Compras Públicas Sostenibles - Ficha, declaración, verificación y soportes de criterios ambientales. | Q60: X | T60: Campañas: Sensibilización-divulgación realizadas a través de los diferentes medios de comunicación que tiene la Entidad, dirigido a servidores públicos y contratistas de la SIC, en temas de uso racional de bolsas plásticas, estas se pueden visualizar en los Informes mensuales de Gestión Ambiental. Anualmente se realizan diferentes campañas programadas en el respectivo cronograma. Aplicación en la Entidad: Por el momento se deja como informativa, teniendo en cuenta que entra en vigencias a partir de: 1. La prohibición de los numerales 1, 2, 3, 6, 7 y 11 se aplicará al término de los dos años contados a partir de la entrada en vigencia de la presente ley. 2. La prohibición de los numerales 4, 5, 8, 9, 10, 12, 13 y 14 se aplicará al término de ocho años contados a partir de la entrada en vigencia de la presente ley. Criterios ambientales: El sistema de gestión ambiental incluye criterios ambientales en los procesos contractuales en los cuales pueda utilizar plásticos de un solo uso para el empacado de la siguiente manera "Teniendo en cuenta lo expuesto en el Decreto 317 de 2021 y el Acuerdo 808 de 2021 por el cual se prohíbe progresivamente los plásticos de un solo uso, se solicita en la medida de lo posible reducir los sobre empacados o empacados en embalajes individuales en los elementos a entregar." Medidas Administrativas para la Reducción Gradual Del Uso de los Productos Plásticos de Un Solo Uso y Transición Hacia Alternativas Sostenibles en Entidades Públicas. a) Dentro del Programa de Gestión para el Manejo de Residuos Solidos se incluyo un objetivo, meta e indicador sobre el uso de productos platicos de un solo uso b) Se realiza inclusión de criterios ambientales en los procesos de contratación tal como se indico anteriormente c y d) Se realizan campañas y divulgaciones de acuerdo a lo informado anteriormente e) se cuenta con cronograma de trabajo del sistema de gestión ambiental. | U60: Programa de Compras Públicas Sostenibles SC03-F20: https://sigi.sic.gov.co/SIGI/portal/document_tab.php?id_doc=955&version=6&opcion_regreso=1 Archivo de Gestión Ambiental - Instrumentos del Sistema de Gestión Ambiental - Informe de Gestión Ambiental. Archivo de Gestión Ambiental - Programa de Compras Públicas Sostenibles - Ficha, declaración, verificación y soportes de criterios ambientales. | V60: Realizar campañas que ayuden a concientizar a los servidores públicos sobre el uso racional de este recurso. | W60: Grupo de Trabajo de Servicios Administrativos y Recursos Físicos. Profesionales del SGA
B61: =+B60+1 -> 54 | C61: PLÁSTICOS DE UN SOLO USO | D61: Ministerio de Trabajo | E61: Ley | F61: 2232 de 2022 | G61: Por la cual se establecen medidas tendientes a la reducción gradual de la producción y consumo de ciertos productos plásticos de un solo uso y se dictan otras disposiciones. | H61: Art 4 Art 5 Núm. 1, 2, 3, 6, 7, 11 Art 6 Núm. 1 Capitulo IV Art 13 Par 1 Art 14 Art 19 Cap. VII -Art 31 | I61: Rige a partir del 07 de julio de 2024 y 2030 | J61: Sin observaciones | K61: No especifica | N61: X | S61: X
B62: =+B61+1 -> 55 | C62: PLÁSTICOS DE UN SOLO USO | D62: Ministerio de Ambiente y Desarrollo Sostenible | E62: Resolución | F62: 803 de 2024 | G62: Por la cual se desarrollan parcialmente las disposiciones de la Ley 2232 de 2022, sobre la reducción gradual de la producción y consumo de ciertos productos plásticos de un solo uso, el artículo 2.2.7C.7 del Decreto 1076 de 2015 que establece medidas tendientes a la reducción gradual de la producción y consumo de ciertos plásticos de un solo uso y se adoptan otras disposiciones | H62: Capitulo I Capitulo VI - Art 25 Lit b, c, d, e Art 26 | I62: Vigente | J62: Sin observaciones | K62: Las Entidades públicas deberán tener en cuenta, los siguientes aspectos: a) El establecimiento de objetivos, metas, indicadores de reducción gradual de los productos plásticos de un solo uso. b) La generación de mecanismos para el control y seguimiento de las compras de productos plásticos al interior de la entidad, en cumplimiento de esta normativa. c) La formulación de una estrategia de divulgación y promoción al interior de la entidad sobre los productos plásticos de un solo uso y los residuos plásticos. d) El desarrollo de campañas de difusión y concientización sobre el consumo responsable del plástico. e) La definición de un cronograma de implementación. | L62: X | Q62: X
H63: Capitulo VI - Art 25 Lit a | I63: A partir del 7 de julio de 2024 | J63: Sin observaciones | L63: X | Q63: X
B64: =+B62+1 -> 56 | C64: CLASIFICACIÓN BASURAS | D64: Congreso de la República | E64: Ley | F64: 9 de 1979 | G64: Código Sanitario Nacional | H64: Art 23, Art. 24, Art. 25, Art. 26, Art. 28, Art. 29, Art. 31, Art. 32, Art. 34 | I64: Vigente | J64: Sin observaciones | K64: No especifica | L64: X | O64: Programa y plan de Gestión de residuos: Se cuenta con un programa de gestión que tiene como objeto, "Establecer los lineamientos para el manejo, disminución, aprovechamiento y/o disposición final de los residuos sólidos generados por la Superintendencia de Industria y Comercio, con el fin de minimizar los impactos ocasionados por los mismos.", este programa esta identificados en el SIGI bajo el código SC03-F13 y un plan de gestión de residuos peligrosos que tiene como objeto, "Establecer los lineamientos internos para el manejo de los residuos peligrosos generados por las actividades que realiza la Superintendencia de Industria y Comercio en cumplimiento del Decreto 1076 de 2015 y demás normatividad vigente.", que da los lineamientos internos para el manejo de estos residuos generados por las actividades de la Entidad, se encuentra identificado bajo el código SC03-F16. Contrato de aseo: Se cuenta con contrato de personal de aseo para realizar la recolección en puntos ecológicos, separación y clasificación, en el centro de acopio para todos los residuos generados por la entidad. Certificados de disposición de residuos aprovechables: Se cuenta con contrato con una asociación de reciclaje para prestar el servicio de separación, clasificación, recolección, transporte, aprovechamiento y/o disposición final de los residuos aprovechables de las sedes de la entidad. Disposición de residuos peligrosos: La Disposición de los residuos peligrosos se realiza con empresas que cuentan con licencias ambientales para la disposición adecuada de cada uno de los Respel entregados. Así mismo, algunos de estos se gestiona a través de los contratos con criterios ambientales. Centros de acopio de residuos y puntos ecológicos: La sede cuenta con centros de acopio para el almacenamiento de residuos sólidos y peligrosos. Todo lo anterior, se puede evidenciar presencialmente. Puntos ecológicos: Para realizar la separación en la fuente de residuos, se ubican puntos ecológicos en las diferentes locaciones de las sedes de la Entidad de manera que estén al alcance de todo el personal. Estos puntos ecológicos dan cumplimiento al código de colores establecido en el país: - Caneca negra: Residuos no aprovechables - Caneca verde: Residuos orgánicos aprovechables - Caneca Blanca: Residuos aprovechables Inspección Ambiental a los centros de acopio: En esta inspección realiza el seguimiento y control de las condiciones ambientalmente seguras del centro de acopio donde se almacenan los residuos sólidos y peligrosos en la sede principal, esta información se registra en el formato SC03-F03. Las inspecciones son realizadas de manera periódica de acuerdo a la programación establecida en el cronograma de actividades del SGA. Disposición de residuos no aprovechables: La gestión de los residuos orgánicos y no aprovechables, parte de la separación en la fuente a través del uso de los puntos ecológicos dispuestos en las diferentes locaciones de las sedes de la Entidad, estos residuos son recogidos por el personal de aseo y llevados al centro de acopio para su pesaje y registro. Teniendo en cuenta los horarios establecidos por las áreas administrativas de los sitios donde se ubican las sedes de la Entidad, los residuos son entregados para su disposición final a las empresas prestadoras del servicio de aseo de la localidad. Indicadores: El Sistema de Gestión Ambiental, cuenta con un indicador que mide el aprovechamiento de Residuos aprovechados generados. Este indicador se encuentra ubicado para consulta en el SIGI proceso Gestión Ambiental. | P64: Programa de Gestión para el Manejo y Disposición de Residuos Sólidos SC03-F13: https://sigi.sic.gov.co/SIGI/portal/document_tab.php?id_doc=800&version=8&opcion_regreso=1 Plan de gestión integral de residuos peligrosos SC03-F16: https://sigi.sic.gov.co/SIGI/portal/document_tab.php?id_doc=803&version=4&opcion_regreso=1 Archivo de Gestión Ambiental - Programas de Gestión para el Manejo y Disposición de Residuos Sólidos - Inspección ambiental SC03-F03 - Inspección en la fuente SC03-F06 | Q64: X | T64: Programa y plan de Gestión de residuos: Se cuenta con un programa de gestión que tiene como objeto, "Establecer los lineamientos para el manejo, disminución, aprovechamiento y/o disposición final de los residuos sólidos generados por la Superintendencia de Industria y Comercio, con el fin de minimizar los impactos ocasionados por los mismos.", este programa esta identificados en el SIGI bajo el código SC03-F13 y un plan de gestión de residuos peligrosos que tiene como objeto, "Establecer los lineamientos internos para el manejo de los residuos peligrosos generados por las actividades que realiza la Superintendencia de Industria y Comercio en cumplimiento del Decreto 1076 de 2015 y demás normatividad vigente.", que da los lineamientos internos para el manejo de estos residuos generados por las actividades de la Entidad, se encuentra identificado bajo el código SC03-F16. Criterios ambientales El Sistema de Gestión Ambiental da cumplimiento mediante la inclusión del criterio ambiental en el proceso de contratación de arriendo, en la cual se le solicita al propietario que cuente con puntos ecológicos, centros de acopio de residuos solidos y peligrosos y que realicen la disposición final de los mismos Indicadores: El Sistema de Gestión Ambiental, cuenta con un indicador que mide el aprovechamiento de Residuos aprovechados generados. Este indicador se encuentra ubicado para consulta en el SIGI proceso Gestión Ambiental. | U64: Programa de Gestión para el Manejo y Disposición de Residuos Sólidos SC03-F13: https://sigi.sic.gov.co/SIGI/portal/document_tab.php?id_doc=800&version=6&opcion_regreso=1 Plan de gestión integral de residuos peligrosos SC03-16: https://sigi.sic.gov.co/SIGI/portal/document_tab.php?id_doc=803&version=4&opcion_regreso=1 Programa de Compras Públicas Sostenibles SC03-F20: https://sigi.sic.gov.co/SIGI/portal/document_tab.php?id_doc=955&version=6&opcion_regreso=1 Archivo de Gestión Ambiental - Programas de Gestión para el Manejo y Disposición de Residuos Sólidos Soportes contrato de reciclaje Inspección ambiental Registro de generación de residuos y su aprovechamiento Archivo de Gestión Ambiental - Instrumentos del Sistema de Gestión Ambiental - Resolución 312 de 2019 - Evidencias cumplimiento - excretas Archivo de Gestión Ambiental - Programas de Compras Públicas Sostenibles Ficha, declaración, verificación y soportes de criterios ambientales Indicador de aprovechamiento de residuos sólidos: https://sigi.sic.gov.co/SIGI/portal/indicadores.php?id_proceso=52&opcion_regreso=0&macro=3 | V64: Realizar la correcta gestión, manejo y disposición final de los residuos que se generan en la Entidad. | W64: Grupo de Trabajo de Servicios Administrativos y Recursos Físicos. Profesionales del SGA
B65: =+B64+1 -> 57 | C65: CUARTO DE ALMACENAMIENTO RESIDUOS | D65: Ministerio de Salud | E65: Resolución | F65: 4445 de 1996 | G65: Por el cual se dictan normas para el cumplimiento del contenido del Título IV de la Ley 09 de 1979, en lo referente a las condiciones sanitarias que deben cumplir los establecimientos hospitalarios y similares. | H65: Art 20 Art 21 Art 22 Art. 23 | I65: Vigente | J65: Sin observaciones | K65: No especifica | L65: X | S65: X
B66: =+B65+1 -> 58 | C66: CUARTO DE ALMACENAMIENTO RESIDUOS | D66: Presidencia de la República | E66: Decreto | F66: 1077 de 2015 | G66: Por medio del cual se expide el Decreto Único Reglamentario del Sector Vivienda, Ciudad y Territorio. | H66: Art. 2.3.2.2.2.2.16 Art. 2.3.2.2.2.2.17 Art. 2.3.2.2.2.2.18 Art. 2.3.2.2.2.2.19 Articulo 2.3.2.2.4.2.109 | I66: Vigente | J66: Sin observaciones | K66: No especifica | L66: X | S66: X
B67: =+B66+1 -> 59 | C67: MECANISMOS DE EXCRETAS Y BASURAS | D67: Ministerio de Trabajo | E67: Resolución | F67: 312 de 2019 | G67: Por la cual se definen los Estándares Mínimos del Sistema de Gestión de la Seguridad y Salud en el Trabajo SG-SST | H67: Art. 16 Servicios de higiene | I67: Vigente | J67: Sin observaciones | K67: Verificar mediante observación directa si se cumple lo exigido en el criterio, dejando soporte fílmico o fotográfico al respecto. | L67: X | P67: Archivo de Gestión Ambiental - Instrumentos del Sistema de Gestión Ambiental -Evidencias cumplimiento Resolución 312 de 2019 | Q67: X
B68: =+B67+1 -> 60 | C68: RESIDUOS SOLIDOS | D68: Presidencia de la República | E68: Decreto | F68: 2811 de 1974 | G68: Código Nacional de Recursos Naturales Renovables y de Protección al Medio Ambiente | H68: Art 1, Art 2, Art 3, c, 1, Art 5, Art 7, Art 8, l, Art 9 | I68: Vigente | J68: Sin observaciones | K68: No especifica | L68: X | P68: Programa de Gestión para el Manejo y Disposición de Residuos Sólidos SC03-F13: https://sigi.sic.gov.co/SIGI/portal/document_tab.php?id_doc=800&version=6&opcion_regreso=1 Plan de gestión integral de residuos peligrosos SC03-16: https://sigi.sic.gov.co/SIGI/portal/document_tab.php?id_doc=803&version=4&opcion_regreso=1 Programa de Compras Públicas Sostenibles SC03-F20: https://sigi.sic.gov.co/SIGI/portal/document_tab.php?id_doc=955&version=6&opcion_regreso=1 Archivo de Gestión Ambiental - Programas de Gestión para el Manejo y Disposición de Residuos Sólidos Inspección ambiental SC03-F03 Inspección en la fuente SC03-F06 Registro de residuos no aprovechables SC03-F07 Registro de generación de residuos y su aprovechamiento SC03-F18 Soportes contrato de reciclaje Archivo de Gestión Ambiental - Instrumentos del Sistema de Gestión Ambiental - Resolución 312 de 2019 - Evidencias cumplimiento - excretas Archivo de Gestión Ambiental - Programas de Compras Públicas Sostenibles - Ficha, declaración, verificación y soportes de criterios ambientales Indicador de aprovechamiento de residuos sólidos: https://sigi.sic.gov.co/SIGI/portal/indicadores.php?id_proceso=52&opcion_regreso=0&macro=3 | Q68: X | V68: Realizar campañas de la correcta disposición de los residuos en los puntos ecológicos de la Entidad. Depositar adecuadamente los residuos generados en la Entidad de acuerdo al código de colores establecido. Cumplir con los horarios de recolección de los residuos no aprovechables. Realizar la entrega de los residuos aprovechables a empresas recicladoras. | W68: Grupo de Trabajo de Servicios Administrativos y Recursos Físicos. Profesionales del SGA
B69: =+B68+1 -> 61 | C69: RESIDUOS SOLIDOS | D69: Ministerio de Trabajo y Seguridad Social | E69: Resolución | F69: 2400 de 1979 | G69: Por la cual se establecen algunas disposiciones sobre vivienda, higiene y seguridad en los establecimientos de trabajo. | H69: Art. 34, Art. 38, Art. 39, Art. 40, Art 42, Art. 45 | I69: Vigente | J69: Sin observaciones | K69: No especifica | L69: X | Q69: X
B70: =+B69+1 -> 62 | C70: RESIDUOS SOLIDOS | D70: Concejo de Bogotá D.C | E70: Acuerdo | F70: 79 de 2003 | G70: Por la cual se expide el Código de Policía de Bogotá, D.C. | H70: Art 21, 4, Art 59 Núm 2, 9, Art. 83, Art. 84 | I70: Vigente | J70: Sin observaciones | K70: No especifica | L70: X | Q70: X
B71: =+B70+1 -> 63 | C71: RESIDUOS SOLIDOS | D71: Presidencia de la República | E71: Decreto | F71: 3695 de 2009 | G71: Por medio del cual se reglamenta la Ley 1259 de 2008 y se dictan otras disposiciones | H71: Aplicación Total | I71: Vigente Compilado en el Decreto 1076 de 2015. | J71: Sin observaciones | K71: No especifica | L71: X | Q71: X
B72: =+B71+1 -> 64 | C72: RESIDUOS SOLIDOS | D72: Unidad Administrativa Especial de Servicios Públicos | E72: Resolución | F72: 799 de 2012 | G72: Por la cual se establece el listado detallado los materiales reciclables y no reciclables para la separación en la fuente de los residuos sólidos domésticos en el distrito capital | H72: Aplicación Total | I72: Vigente | J72: Sin observaciones | K72: No especifica | L72: X | Q72: X
B73: =+B72+1 -> 65 | C73: RESIDUOS SOLIDOS | D73: Unidad Administrativa Especial de Servicios Públicos | E73: Resolución | F73: 701 de 2013 | G73: Por la cual se establecen disposiciones para la presentación del material potencialmente reciclable en Bogotá D.C. | H73: Art 1 Art 2 | I73: Vigente | J73: Sin observaciones | K73: No especifica | L73: X | Q73: X
B74: =+B73+1 -> 66 | C74: RESIDUOS SOLIDOS | D74: Presidencia de la República | E74: Decreto | F74: 2981 de 2013 | G74: Por el cual se reglamenta la prestación del servicio público de aseo. | H74: Art 17, 18, Art. 20, Art. 23, Art. 32, Art. 33, Art. 34, Art 79, Art 81, Art 82, Art 83, Art 84, Art. 106, Art. 107, Art. 110 | I74: Vigente Compilado en el Decreto 1077 de 2015. | J74: Sin observaciones | K74: No especifica | L74: X | Q74: X
B75: =+B74+1 -> 67 | C75: RESIDUOS SOLIDOS | D75: Presidencia de la República | E75: Decreto | F75: 1076 de 2015 | G75: Por medio del cual se expide el Decreto Único Reglamentario del Sector ambiente y desarrollo sostenible | H75: Art 2.2.2.1.15.1 , numeral 14 Capítulo 14 Comparendo Ambiental Sección 1 | I75: Vigente | J75: Sin observaciones | K75: No especifica | L75: X | Q75: X
B76: =+B75+1 -> 68 | C76: RESIDUOS SOLIDOS | D76: Presidencia de la República | E76: Decreto | F76: 1077 de 2015 | G76: Por medio del cual se expide el Decreto Único Reglamentario del Sector Vivienda, Ciudad y Territorio. | H76: Art 2.3.2.2.2.2.16. Art. 2.3.2.2.2.2.17 Art 2.3.2.2.2.8.79. Art 2.3.2.2.2.8.80 (Modificado por el Artículo 4 del Decreto 596 de 2016) Art 2.3.2.2.2.8.81 2.3.2.2.2.8.82. (Modificado por el Decreto 596 de 2016) Art. 2.3.2.2.4.2.109 | I76: Vigente | J76: Sin observaciones | K76: No especifica | L76: X | Q76: X
B77: =+B76+1 -> 69 | C77: RESIDUOS SOLIDOS | D77: Presidencia de la República | E77: Decreto | F77: 596 de 2016 | G77: Por el cual se modifica y adiciona el Decreto 1077de 2015 en lo relativo con el esquema de la actividad de aprovechamiento del servicio público de aseo y el régimen transitorio para la formalización de los recicladores de oficio, y se dictan otras disposiciones" | H77: Art 2.3.2.5.4.1 Art 2.3.2.5.4.2 Art. 2.3.2.5.5.3 Art 2.3.2.5.2.1.1 Art 4 Art 5 Art 6 | I77: Vigente | J77: Sin observaciones | K77: No especifica | L77: X | Q77: X
B78: =+B77+1 -> 70 | C78: RESIDUOS SOLIDOS | D78: Ministerio de Ambiente y Desarrollo Sostenible | E78: Resolución | F78: 1407 de 2018 | G78: Por el cual se reglamenta la gestión ambiental de los residuos de envases y empaques de papel, cartón, plástico, vidrio, metal y se toman otras determinaciones | H78: Art 16 Lit a y b (Modificado por la resolución 1342 de 2020, art. 10) | I78: Vigente | J78: Sin observaciones | K78: No especifica | L78: X | Q78: X
B79: =+B78+1 -> 71 | C79: RESIDUOS SOLIDOS | D79: Ministerio de Ambiente y Desarrollo Sostenible | E79: Resolución | F79: 1342 de 2020 | G79: Por la cual se modifica la Resolución 1407 de 2018 y se toman otras determinaciones. | H79: Art 1 Art 10 | I79: Vigente | J79: Sin observaciones | K79: No especifica | L79: X | Q79: X
B80: =+B79+1 -> 72 | C80: RESIDUOS SOLIDOS | D80: Ministerio de Ambiente y Desarrollo Sostenible | E80: Resolución | F80: 2184 de 2019 | G80: Por la cual se modifica la Resolución 668 de 2016 sobre uso racional de bolsas plásticas y se adoptan otras disposiciones. | H80: Art. 4 | I80: Vigente | J80: Sin observaciones | K80: No especifica | L80: X | Q80: X
B81: =+B80+1 -> 73 | C81: RESIDUOS SOLIDOS | D81: Ministerio de Ambiente y Desarrollo Sostenible | E81: Resolución | F81: 1344 de 2020. | G81: Por la cual se adiciona un párrafo al artículo 4 de la Resolución 2184 de 2019 y se dictan otras disposiciones | H81: Aplicación Total | I81: Vigente | J81: Sin observaciones | K81: No especifica | L81: X | Q81: X
B82: =+B81+1 -> 74 | C82: RESIDUOS ESPECIALES | D82: Ministerio de Salud | E82: Resolución | F82: 2309 de 1986 | G82: Por la cual se dictan normas para el cumplimiento del contenido del Título III de la parte 4a. del Libro 1o. Del Decreto Ley No. 2811 de 1974 y de los Títulos I, II y XI de la Ley 09 de 1979, en cuanto a Residuos Especiales. | H82: Aplicación Total | I82: Vigente | J82: Sin observaciones | K82: No especifica | N82: X | O82: Criterios ambientales: El sistema de Gestión Ambiental incluye criterios ambientales en los procesos contractuales en los cuales puedan generar este residuo. Los certificados de disposición final de estos residuos se puede evidenciar en el seguimiento de la ficha de criterios ambientales para cada uno de los contratos que aplique. Residuos peligrosos generados por la Entidad Para los residuos que se generan en la Entidad, estos son dispuestos con empresas que cuentan con las licencias ambientales para su debida gestión y disposición final. | P82: Plan de Gestión Integral de Residuos Peligrosos SC03-F16 https://sigi.sic.gov.co/SIGI/portal/document_tab.php?id_doc=803&version=4&opcion_regreso=1 Programa de Compras Públicas Sostenibles SC03-F20: https://sigi.sic.gov.co/SIGI/portal/document_tab.php?id_doc=955&version=6&opcion_regreso=1 Archivo de Gestión Ambiental - Programas de Compras Públicas Sostenibles - Ficha, declaración, verificación y soportes de criterios ambientales Archivo de Gestión Ambiental - Planes de Gestión Integral de Residuos Peligrosos - Certificados, licencias y soportes de disposición final de Residuos peligrosos | S82: X | T82: Este ítem no aplica para esta sede, dado que en esta solo se realiza el manejo de archivo de la Entidad. | U82: NA | V82: Incluir criterios ambientales a los contratos que generan un impacto ambiental por medio de los servicios y/o productos contratados. | W82: Grupo de Trabajo de Servicios Administrativos y Recursos Físicos. Profesionales del SGA
B83: =+B82+1 -> 75 | C83: ACEITES USADOS | D83: Secretaria Distrital del Medio Ambiente | E83: Resolución | F83: 2238 de 2023 | G83: Por la cual se adopta el Manual de normas y procedimientos para la gestión de aceites usados en el Distrito Capital y se toman otras determinaciones | H83: Aplicación Total | I83: Vigente | J83: Sin observaciones | K83: Medio de verificación: -Documento de Inscripción de acopiador de acopiadores primarios y segundarios. -Licencias ambientales conforme a las disposiciones legales que rijan la materia. -Certificado de disposición final de Aceites usados. | L83: X | S83: X
B84: =+B83+1 -> 76 | C84: BATERIAS DE PLOMO | D84: Ministerio de Ambiente Vivienda y Desarrollo Territorial | E84: Resolución | F84: 372 de 2009 | G84: Por la cual se establecen los elementos que deben contener los planes de gestión de devolución de productos Pos Consumo de Baterías Usadas Plomo Ácido, y se adoptan otras disposiciones. | H84: Art 1, Art. 2, Art. 5, Art. 10 | I84: Vigente | J84: Sin observaciones | K84: No especifica | L84: X | S84: X | W84: Grupo de Trabajo de Servicios Administrativos y Recursos Físicos. Profesionales del SGA
B85: =+B84+1 -> 77 | C85: BATERIAS DE PLOMO | D85: Ministerio de Ambiente Vivienda y Desarrollo Territorial | E85: Resolución | F85: 503 de 2009 | G85: Por la cual se aclara la Resolución 372 de 2009 mediante la cual se establecen los elementos que deben contener los Planes de Gestión de Devolución de Productos Pos consumo de Baterías Usadas Plomo Ácido y se adoptan otras disposiciones | H85: Aplicación Total | I85: Vigente | J85: Sin observaciones | K85: Certificaciones y permisos o licencias otorgadas por la autoridad ambiental competente a las empresas que realicen el almacenamiento, tratamiento, aprovechamiento, recuperación y/o disposición final de las Baterías Usadas Plomo Acido. | L85: X | S85: X
B86: =+B85+1 -> 78 | C86: BATERIAS DE PLOMO | D86: Ministerio de Ambiente y Desarrollo Sostenible | E86: Resolución | F86: 799 de 2025 | G86: Por medio de la cual se reglamentan los Sistemas de Recolección y Gestión de Baterías Usadas Plomo Ácido (BUPA), y deroga la Resolución 0372 de 2009. | H86: Art 1, Art. 2, Art. 3, Art 6, Art 20, Art 25, Art 27 | I86: A partir de el 01 de enero del 2026 | J86: Sin observaciones | K86: No especifica | N86: X | S86: X
B87: =+B86+1 -> 79 | C87: PLOMO | D87: Congreso de la República | E87: Ley | F87: 2041 de 2020 | G87: Por medio de la cual se garantiza el derecho de las personas a desarrollarse física e intelectualmente en un ambiente libre de plomo, fijando límites para su contenido en productos comercializados en el país y se dictan otras disposiciones. | H87: Art 11 | I87: Vigente | J87: Sin observaciones | K87: No especifica | L87: X | S87: X
B88: =+B87+1 -> 80 | C88: LLANTAS | D88: Alcaldía Mayor de Bogotá D.C. | E88: Decreto | F88: 442 de 2015 | G88: Por medio del cual se crea el Programa de aprovechamiento y/o valorización de llantas usadas en el Distrito Capital y se adoptan otras disposiciones. | H88: Art 2, Art 7, Art 15, Art 18, Art 19 | I88: Vigente | J88: Sin observaciones | K88: Certificación de gestión Criterios de compras verdes | L88: X | S88: X | W88: Grupo de Trabajo de Servicios Administrativos y Recursos Físicos. Profesionales del SGA
B89: =+B88+1 -> 81 | C89: LLANTAS | D89: Alcaldía Mayor de Bogotá D.C. | E89: Decreto | F89: 265 de 2016 | G89: Por medio del cual se modifica el Decreto Distrital 442 de 2015 y se adoptan otras disposiciones. | H89: Art 4 | I89: Vigente | J89: Sin observaciones | K89: No especifica | L89: X | S89: X
B90: =+B89+1 -> 82 | C90: LLANTAS | D90: Ministerio de Ambiente y Desarrollo Sostenible | E90: Resolución | F90: 1326 de 2017 | G90: Por la cual se establecen los sistemas de recolección selectiva y gestión ambiental de las llantas usadas y se dictan otras disposiciones. | H90: Art.2, Art. 12, Art,18, Art. 22 | I90: Vigente | J90: Sin observaciones | K90: Certificado de gestión Ambiental de llantas usadas | L90: X | S90: X
B91: =+B90+1 -> 83 | C91: ESCOMBROS | D91: Alcaldía Mayor de Bogotá D.C. | E91: Decreto | F91: 357 de 1997 | G91: Regula el manejo, transporte y disposición final de escombros y materiales de construcción. | H91: Art 2, Art 5, Art 6, | I91: Vigente | J91: Sin observaciones | K91: No especifica | L91: X | O91: Criterios ambientales: El sistema de Gestión Ambiental incluye criterios ambientales en los procesos contractuales en los cuales puedan generar este residuo. Los documentos y certificados de disposición final de este residuo se puede evidenciar en el seguimiento de la ficha de criterios ambientales para cada uno de los contratos que aplique. | P91: Programa de Compras Públicas Sostenibles SC03-F20: https://sigi.sic.gov.co/SIGI/portal/document_tab.php?id_doc=955&version=6&opcion_regreso=1 Archivo de Gestión Ambiental - Programa de Compras Públicas Sostenibles - Ficha, declaración, verificación y soportes de criterios ambientales | S91: X | T91: Este ítem no aplica para esta sede, dado que en esta solo se realiza el manejo de archivo de la Entidad. | U91: NA | W91: Grupo de Trabajo de Servicios Administrativos y Recursos Físicos. Profesionales del SGA
B92: =+B91+1 -> 84 | C92: ESCOMBROS | D92: Concejo de Bogotá, D.C. | E92: Acuerdo | F92: 079 de 2003 | G92: Por la cual se expide el Código de Policía de Bogotá, D.C. | H92: Art 85 | I92: Vigente | J92: Sin observaciones | K92: No especifica | L92: X | S92: X
B93: =+B92+1 -> 85 | C93: ESCOMBROS | D93: Congreso de la República | E93: Ley | F93: 1259 de 2008 | G93: Por medio de la cual se instaura en el territorio nacional la aplicación del comparendo ambiental a los infractores de las normas de aseo, limpieza y recolección de escombros; y se dictan otras disposiciones. | H93: Art. 4 | I93: Vigente | J93: Sin observaciones | K93: No especifica | L93: X | S93: X
B94: =+B93+1 -> 86 | C94: ESCOMBROS | D94: Ministerio del Interior y de Justicia | E94: Decreto | F94: 3695 de 2009 | G94: Por medio del cual se reglamenta la Ley 1259 de 2008 y se dictan otras disposiciones | H94: Art. 2 Art. 7 | I94: Vigente Compilado en el Decreto 1076 de 2015. | J94: Sin observaciones | K94: No especifica | L94: X | S94: X
B95: =+B94+1 -> 87 | C95: ESCOMBROS | D95: Ministerio de Ambiente y Desarrollo Sostenible | E95: Resolución | F95: 472 de 2017 | G95: Se reglamenta la gestión integral de los residuos generados en las actividades de Construcción y Demolición (RCD) y se dictan otras disposiciones. | H95: Art. 1, Art.3, Art. 5, Art.20 | I95: Vigente | J95: Sin observaciones | K95: No especifica | L95: X | S95: X
B96: =+B95+1 -> 88 | C96: ESCOMBROS | D96: Ministerio de Ambiente y Desarrollo Sostenible | E96: Resolución | F96: 1257 de 2021 | G96: Por la cual se modifica la Resolución 0472 de 2017 sobre la gestión integral de Residuos de Construcción y Demolición (RCD) y se adoptan otras disposiciones. | H96: Art. 5 | I96: Vigente | J96: Sin observaciones | K96: No especifica | L96: X | S96: X
B97: =+B96+1 -> 89 | C97: ESCOMBROS | D97: Alcaldía Mayor de Bogotá D.C. | E97: Decreto | F97: 507 de 2023 | G97: Por el cual se adopta el modelo y los lineamientos para la gestión integral de los Residuos de Construcción y Demolición - RCD en Bogotá D.C., y se dictan otras disposiciones | H97: Aplicación Total | I97: Vigente | J97: Sin observaciones | K97: No especifica | N97: X | S97: X
B98: =+B97+1 -> 90 | C98: GAS REFRIGERANTE EN AIRE ACONDICIONADO Y NEVERAS | D98: Congreso de la República | E98: Ley | F98: 29 de 1992 | G98: "Por medio de la cual se aprueba el "Protocolo de Montreal relativo a las sustancias agotadoras de la capa de ozono", suscrito en Montreal el 16 de septiembre de 1987, con sus enmiendas adoptadas en Londres el 29 de junio de 1990 y en Nairobi el 21 de junio de 1991". | H98: Anexo D Numeral 2 | I98: Vigente | J98: Sin observaciones | K98: No especifica | L98: X | O98: El sistema de Gestión Ambiental incluye criterios ambientales en los procesos contractuales en los cuales puedan generar este residuo. Los certificados de disposición final de este residuo se puede evidenciar en el seguimiento de la ficha de criterios ambientales para cada uno de los contratos que aplique. | P98: Programa de Compras Públicas Sostenibles SC03-F20: https://sigi.sic.gov.co/SIGI/portal/document_tab.php?id_doc=955&version=6&opcion_regreso=1 Programa Emisiones Atmosféricas y Adaptación al Cambio Climático SC03-F40: https://sigi.sic.gov.co/SIGI/portal/document_tab.php?id_doc=2426&version=3&opcion_regreso=1 Archivo de Gestión Ambiental - Programa de Compras Públicas Sostenibles - Fichas técnicas y soportes de cumplimiento de criterios ambientales o de sostenibilidad Archivo de Gestión Ambiental - Programa Emisiones Atmosféricas y Adaptación al Cambio Climático - Inspección e inventario de extintores - Inventario y consumo de gases refrigerantes | Q98: X | T98: El sistema de Gestión Ambiental incluye criterios ambientales en los procesos contractuales en los cuales puedan generar este residuo. Los certificados de disposición final de este residuo se puede evidenciar en el seguimiento de la ficha de criterios ambientales para cada uno de los contratos que aplique. | U98: Programa de Compras Públicas Sostenibles SC03-F20: https://sigi.sic.gov.co/SIGI/portal/document_tab.php?id_doc=955&version=6&opcion_regreso=1 Programa Emisiones Atmosféricas y Adaptación al Cambio Climático SC03-F40: https://sigi.sic.gov.co/SIGI/portal/document_tab.php?id_doc=2426&version=3&opcion_regreso=1 Archivo de Gestión Ambiental - Programa de Compras Públicas Sostenibles - Fichas técnicas y soportes de cumplimiento de criterios ambientales o de sostenibilidad Archivo de Gestión Ambiental - Programa Emisiones Atmosféricas y Adaptación al Cambio Climático - Inspección e inventario de extintores - Inventario y consumo de gases refrigerantes | W98: Grupo de Trabajo de Servicios Administrativos y Recursos Físicos. Profesionales del SGA
B99: =+B98+1 -> 91 | C99: GAS REFRIGERANTE EN AIRE ACONDICIONADO Y NEVERAS | D99: Ministerio de Ambiente y Desarrollo Sostenible y Ministerio de Comercio, Industria y Turismo | E99: Resolución | F99: 2749 de 2017 | G99: Por la cual se prohíbe la importación de las sustancias agotadoras de la capa de ozono listadas en los Grupos II y III del Anexo C del Protocolo de Montreal, se establecen medidas para controlar las importaciones de las sustancias agotadoras de la capa de ozono listadas en el Grupo I del Anexo C del Protocolo de Montreal y se adoptan otras disposiciones. | H99: Art. 3 | I99: Vigente | J99: Sin observaciones | K99: Tener en cuenta que: El agente extintor usado en los extintores Solkaflam (HCFC) está en el Grupo I del Anexo C del Protocolo de Montreal, las importaciones de este producto se van a restringir cada año hasta que en el año 2040 no se permita importar este producto. | L99: X | Q99: X
B100: =+B99+1 -> 92 | C100: EQUIPOS DE EXTINCIÓN DE INCENDIOS | J100: Sin observaciones | L100: X | O100: Para esta sede los extintores son administrados por el arrendador de la sede, el cual realiza los mantenimiento y recargas de los mismos. Desde el SGA se realiza inspecciones para conocer el inventario y el estado de cada extintor. | Q100: X | T100: Para esta sede los extintores son administrados por el arrendador de la sede, el cual realiza los mantenimiento y recargas de los mismos.
B101: =+B100+1 -> 93 | C101: GAS REFRIGERANTE EN AIRE ACONDICIONADO Y NEVERAS | D101: Ministerio de Ambiente y Desarrollo Sostenible Ministerio de Comercio, Industria y Turismo | E101: Resolución | F101: 634 de 2022 | G101: Por la cual en desarrollo del Protocolo de Montreal, se entiende prohibida la fabricación e importación de equipos y productos que contengan y/o requieran para su operación o funcionamiento las sustancias controladas en los Anexos A, B, C, E y F del Protocolo de Montreal y se adoptan otras disposiciones. | H101: Capitulo II | I101: Vigente | J101: Sin observaciones | K101: No especifica | L101: X | O101: Se realiza inventario e inspección a los aires acondicionados y se verifica que los gases refrigerantes sean amigables con el medio ambiente y no se encuentren dentro del listado del protocolo de Montreal. Los equipos que contienen gas refrigerante son de tipo R410A el cual no representa afectaciones importantes para el medio ambiente. | Q101: X | T101: Se realiza inventario e inspección a los aires acondicionados y se verifica que los gases refrigerantes sean amigables con el medio ambiente y no se encuentren dentro del listado del protocolo de Montreal. Los equipos que contienen gas refrigerante son de tipo R410A el cual no representa afectaciones importantes para el medio ambiente.
...

Sheet OTROS REQUISITOS
D1: MATRIZ DE IDENTIFICACIÓN, ACCESO Y EVALUACIÓN DE REQUISITOS LEGALES Y OTROS REQUISITOS | R1: =+'REQUISITOS LEGALES'!V1 -> CÓDIGO DEL FORMATO | S1: =+'REQUISITOS LEGALES'!W1 -> SC03-F02
R2: =+'REQUISITOS LEGALES'!V2 -> VERSIÓN DEL FORMATO | S2: ='REQUISITOS LEGALES'!$W$2 -> 10
R3: =+'REQUISITOS LEGALES'!V3 -> FECHA DE ACTUALIZACIÓN | S3: ='REQUISITOS LEGALES'!$W$3 -> 46171
B5: IDENTIFICACIÓN, REVISIÓN Y ACTUALIZACIÓN | J5: EVALUACIÓN
B6: No. de requisito | C6: Emitido por | D6: Jerarquía de la norma | E6: Número y año de la norma | F6: Título del requisito | G6: Aplicación Especifica | H6: Vigencia | I6: Observaciones Grupo de Trabajo Regulación | J6: Medio de verificación solicitado por la norma | K6: Cumplimiento Sede: PRINCIPAL Dirección: Calle 24 No. 7 - 43 | O6: Cumplimiento Sede: Bodegas: Dirección: Transversal 93 # 51 - 98 Bodegas 10-11, 44 y 48 | S6: Responsables del Cumplimiento
K7: SI | L7: NO | M7: Como se cumple en la Entidad | N7: Documentos relacionados | O7: SI | P7: NO | Q7: Como se cumple en la Entidad | R7: Documentos relacionados
B8: 1 | C8: Presidencia de la República | D8: Directiva Presidencial | E8: 04 de 2012 | F8: Eficiencia Administrativa y lineamientos de la política cero papel en la administración publica | G8: Aplicación Total | H8: Vigente | I8: Sin observaciones | J8: Aplicando las disposiciones establecidas en el documento | K8: X | M8: Circular Interna: La Entidad cuenta con la circular interna No. 15 de 2024 del 24 de junio de 2024 la cual tiene como asunto "Eficiencia administrativa y lineamientos de la política de cero papel". Circular Austeridad del gasto - Sostenibilidad Ambiental: La Entidad con el propósito de hacer un uso más eficiente y racional de la energía eléctrica en la Entidad, imparte instrucciones y lineamientos a favor del medio ambiente y las buenas prácticas para el ahorro de energía, esto se hace a través de la expedición de una circular interna donde se establecen medidas de obligatorio cumplimiento. Buenas practicas de energía y agua La Entidad toma las buenas practicas establecidas en las directivas presidenciales y circulares de manera que se cumplan todos los numerales. Las cuales se poder ver dentro de los programas para el uso Eficiente y Racional para la Energía y agua Criterios ambientales El Sistema de Gestión Ambiental da cumplimiento mediante la inclusión de criterios ambientales donde se requiere que la compra de equipos sean eficientes. Indicadores: El Sistema de Gestión Ambiental, cuenta con un indicador que mide el consumo y variación de la energía y agua en cada una de las sedes. Este indicador se encuentra ubicado para consulta en el SIGI proceso Gestión Ambiental. Teletrabajo: Se cuenta con la modalidad de teletrabajo para disminuir el consumo de energía y agua en la sede. | N8: Circular interna No. 15 de 2024: https://intranet.sic.gov.co/sites/default/files/2024-07/Circular%20interna%20No.015Cero%20Papel.pdf Programa para el uso Eficiente y Racional para la Energía: https://sigi.sic.gov.co/SIGI/portal/document_tab.php?id_doc=801&version=3&opcion_regreso=1 Circular Interna No. 13 de 2025: https://intranet.sic.gov.co/sites/default/files/2025-09/circular_interna_no_013_del_29_de_agosto_de_2025.pdf Indicadores del Sistema Gestión Ambiental - INTRASIC PROCESO GESTIÓN AMBIENTAL Programa para el uso Eficiente y Racional para la Energía SC03-F14: https://sigi.sic.gov.co/SIGI/portal/document_tab.php?id_doc=801&version=5&opcion_regreso=1 Programa de Gestión para el Uso Eficiente y Racional del Agua SC03-F15: https://sigi.sic.gov.co/SIGI/portal/document_tab.php?id_doc=802&version=6&opcion_regreso=1 Programa de Compras Públicas Sostenibles SC03-F20: https://sigi.sic.gov.co/SIGI/portal/document_tab.php?id_doc=955&version=6&opcion_regreso=1 Archivo de Gestión Ambiental - Instrumentos del Sistema de Gestión Ambiental -Informes de gestión ambiental. | O8: X | Q8: Criterios ambientales Se da cumplimiento mediante la inclusión de criterios ambiental en el proceso de contratación de arriendo, en la cual se le solicita al propietario dar cumplimiento a estas directrices. | R8: Programa de Compras Públicas Sostenibles SC03-F20: https://sigi.sic.gov.co/SIGI/portal/document_tab.php?id_doc=955&version=6&opcion_regreso=1 Archivo de Gestión Ambiental - Programas de Compras Públicas Sostenibles - Ficha, declaración, verificación y soportes de criterios ambientales | S8: Secretaria General Grupo de Trabajo de Servicios Administrativos y Recursos Físicos. Profesionales del SGA
B9: =+B8+1 -> 2 | C9: Superintendencia de Industria y Comercio | D9: Circular Interna | E9: 15 de 2024 | F9: Eficiencia Administrativa y Lineamientos de la Política de Cero Papel | G9: Aplicación Total | H9: Vigente | I9: Sin observaciones | J9: Aplicando las disposiciones establecidas en el documento | K9: X | O9: X
B10: =+B9+1 -> 3 | C10: ​Presidencia de la República | D10: Directiva Presidencial | E10: 08 de 2009 | F10: Ahorro de Energía | G10: Aplicación Total | H10: Vigente | I10: Sin observaciones | J10: Aplicando las disposiciones establecidas en el documento | K10: X | O10: X
B11: =+B10+1 -> 4 | C11: ​Presidencia de la República | D11: Directiva Presidencial | E11: 01 de 2024 | F11: Buenas prácticas para el ahorro de energía y agua | G11: Aplicación Total | H11: Vigente | I11: Sin observaciones | J11: Aplicando las disposiciones establecidas en el documento | K11: X | O11: X
B12: =+B11+1 -> 5 | C12: Presidencia de la República | D12: Directiva Presidencial | E12: 02 de 2015 | F12: Buenas Prácticas para el Ahorro de Energía y Agua | G12: Aplicación Total | H12: Vigente | I12: Sin observaciones | J12: Aplicando las disposiciones establecidas en el documento | K12: X | O12: X
B13: =+B12+1 -> 6 | C13: Presidencia de la República | D13: Directiva Presidencial | E13: 002 de 2023 | F13: Directrices de austeridad hacia un gasto público eficiente | G13: Aplicación Total | H13: Vigente | I13: Sin observaciones | J13: Aplicando las disposiciones establecidas en el documento | K13: X | O13: X
B14: =+B13+1 -> 7 | C14: Ministerio de Minas y Energía | D14: Circular | E14: 40021 de 2026 | F14: Buenas Prácticas para el uso eficiente de la Energía | G14: Aplicación Total | H14: Vigente | I14: Sin observaciones | J14: Aplicando las disposiciones establecidas en el documento | K14: X | O14: X
B15: =+B14+1 -> 8 | C15: Consejo de Bogotá D.C | D15: Acuerdo | E15: 946 de 2024 | F15: Por medio del cual se dictan lineamientos para promover buenas prácticas para el ahorro de energía eléctrica y agua en la Ciudad de Bogotá D.C. | G15: Art. 2 | H15: Vigente | I15: El acuerdo 946 de 2024 fue emitido por el Consejo de Bogotá D.C. - Se sugiere referenciar en la casilla E. RTA: Se incluye en la casilla C que se describe quien lo emitió Está bien, sin observaciones | J15: Aplicando las disposiciones establecidas en el documento | K15: X | M15: 1.La Entidad promueve la eficiencia en el uso equilibrado y armónico del agua y de la energía eléctrica. 2- 4- 6 Se realizan campañas para incentivar la transformación cultural en el ahorro del agua y uso eficiente de la energía eléctrica en la ciudad. 3. Se cuenta con el curso de inducción a los sistemas SST y SGA donde se muestras los programas de uso eficiente y racional de agua y energía 5. La sede principal no cuenta con mecanismos para el aprovechamiento de aguas lluvias en Bogotá. 7- 8. Se cuenta con indicadores que de consumo de energía eléctrica y agua los cuales se les realiza un análisis de acuerdo a su variación y/o reducción 9. La sede cuenta con luminarias led de bajo consumo con sensores 10. Se apoya a la Ciudad en la implementación de campañas de ahorro de energía y agua para los funcionarios y contratistas. | N15: Archivo de Gestión Ambiental - Instrumentos del Sistema de Gestión Ambiental - Informes de gestión ambiental | O15: X | Q15: 1.La Entidad promueve la eficiencia en el uso equilibrado y armónico del agua y de la energía eléctrica. 2- 4- 6 Se realizan campañas para incentivar la transformación cultural en el ahorro del agua y uso eficiente de la energía eléctrica en la ciudad. 3. Se cuenta con el curso de inducción a los sistemas SST y SGA donde se muestras los programas de uso eficiente y racional de agua y energía 5. La sede principal no cuenta con mecanismos para el aprovechamiento de aguas lluvias en Bogotá. 7- 8. Se cuenta con indicadores que de consumo de energía eléctrica y agua los cuales se les realiza un análisis de acuerdo a su variación y/o reducción 9. La sede cuenta con luminarias led de bajo consumo con sensores 10. Se apoya a la Ciudad en la implementación de campañas de ahorro de energía y agua para los funcionarios y contratistas. | R15: Archivo de Gestión Ambiental - Instrumentos del Sistema de Gestión Ambiental - Informes de gestión ambiental
B16: =+B15+1 -> 9 | C16: Ministerio de Hacienda y Crédito Público | D16: Decreto | E16: 199 de 2024 | F16: Por el cual se establece el Plan de Austeridad del Gasto 2024 para los órganos que hacen parte del Presupuesto General de la Nación | G16: Art. 14, 16, 22 | H16: Vigente | I16: Sin observaciones | J16: Seguimiento e informe: Las oficinas de control interno verificarán el cumplimiento de las disposiciones contenidas en el presente decreto y presentarán un informe trimestral. | K16: X | M16: La Oficina de Control Interno realiza el seguimiento y consolidación del informe de austeridad del gasto, en donde incluye los numerales que aplican al Sistema de Gestión Ambiental: - Parametrización del consumo de gasolina de cada uno de los vehículos. - Seguimiento del consumo de papel y tóner - Seguimiento del consumo de Energía - Sostenibilidad ambiental. | N16: Informes de austeridad del gasto Pagina de la SIC: https://sedeelectronica.sic.gov.co/nuestra-entidad/control-interno/informes-de-la-oficina/informes-de-austeridad | O16: NA | Q16: NA | R16: NA | S16: Grupo de Trabajo de Servicios Administrativos y Recursos Físicos. Profesionales del SGA Oficina de Control Interno Secretaría General
B17: =+B16+1 -> 10 | C17: Superintendencia de Industria y Comercio | D17: Circular | E17: 13 de 2025 | F17: Medidas de Austeridad del Gasto | G17: Aplicación Total | H17: Vigente | I17: Sin observaciones | K17: X | O17: NA
B18: =+B17+1 -> 11 | C18: ICONTEC | D18: Guía | E18: GTC-24 de 2009 3ra actualización | F18: Gestión Ambiental de Residuos Sólidos | G18: Guía Voluntaria e informativa | H18: Vigente | I18: Sin observaciones | J18: No especifica | K18: X | M18: La Entidad cuenta con el Programa de Gestión para el Manejo y Disposición de Residuos Sólidos Código - SC03-F13 y un Plan de Gestión Integral de Residuos Peligrosos -SC03-F16 en donde se encuentra documentado el manejo integral de todos los residuos que se generan en la Entidad. | N18: Programa de Gestión para el Manejo y Disposición de Residuos Sólidos SC03-F13: https://sigi.sic.gov.co/SIGI/portal/document_tab.php?id_doc=800&version=6&opcion_regreso=1 Plan de gestión integral de residuos peligrosos SC03-F16: https://sigi.sic.gov.co/SIGI/portal/document_tab.php?id_doc=803&version=4&opcion_regreso=1 | O18: X | Q18: La Entidad cuenta con el Programa de Gestión para el Manejo y Disposición de Residuos Sólidos Código - SC03-F13 y un Plan de Gestión Integral de Residuos Peligrosos -SC03-F16 en donde se encuentra documentado el manejo integral de todos los residuos que se generan en la Entidad. Criterios ambientales Se da cumplimiento mediante la inclusión de criterios ambiental en el proceso de contratación de arriendo, en la cual se le solicita al propietario dar cumplimiento a estas directrices. | R18: Programa de Gestión para el Manejo y Disposición de Residuos Sólidos SC03-F13: https://sigi.sic.gov.co/SIGI/portal/document_tab.php?id_doc=800&version=6&opcion_regreso=1 Plan de gestión integral de residuos peligrosos SC03-F16: https://sigi.sic.gov.co/SIGI/portal/document_tab.php?id_doc=803&version=4&opcion_regreso=1 Programa de Compras Públicas Sostenibles SC03-F20: https://sigi.sic.gov.co/SIGI/portal/document_tab.php?id_doc=955&version=6&opcion_regreso=1 Archivo de Gestión Ambiental - Programas de Compras Públicas Sostenibles - Ficha, declaración, verificación y soportes de criterios ambientales | S18: Grupo de Trabajo de Servicios Administrativos y Recursos Físicos. Profesionales del SGA
B19: =+B18+1 -> 12 | C19: ICONTEC | D19: NTC | E19: 5465 de 2006 | F19: Requisitos para el rotulado o etiquetado de productos de aseo y limpieza | G19: Aplicación Total | H19: Vigente | I19: Sin observaciones | J19: No especifica | K19: X | M19: Se cuenta con los planes de Gestión Integral de Residuos Peligrosos -SC03-F16 donde se tienen clasificados los residuos peligrosos teniendo en cuenta el Sistema Globalmente Armonizado. Se solicita al contratistas las fichas de datos de seguridad de los productos químicos, se verifican que cuenten con los numerales de la norma y se verifican que se encuentren actualizadas. | N19: Plan de gestión integral de residuos peligrosos SC03-F16: https://sigi.sic.gov.co/SIGI/portal/document_tab.php?id_doc=803&version=4&opcion_regreso=1 Archivo de Gestión Ambiental Digital - Planes de Gestión Integral de Residuos Peligrosos - Almacenamiento e Inventario de Productos Químicos SC03-F19 - Fichas técnicas y/o hojas de seguridad de los Residuos peligrosos - Registró de generación de residuos peligrosos SC03-F10 | O19: X | Q19: Se cuenta con los planes de Gestión Integral de Residuos Peligrosos -SC03-F16 donde se tienen clasificados los residuos peligrosos teniendo en cuenta el Sistema Globalmente Armonizado. Criterios ambientales Se da cumplimiento mediante la inclusión de criterios ambiental en el proceso de contratación de arriendo, en la cual se le solicita al propietario dar cumplimiento a estas directrices. | R19: Plan de gestión integral de residuos peligrosos - SC03-F16: https://sigi.sic.gov.co/SIGI/portal/document_tab.php?id_doc=803&version=4&opcion_regreso=1 Programa de Compras Públicas Sostenibles SC03-F20: https://sigi.sic.gov.co/SIGI/portal/document_tab.php?id_doc=955&version=6&opcion_regreso=1 Archivo de Gestión Ambiental Digital - Planes de Gestión Integral de Residuos Peligrosos - Almacenamiento e Inventario de Productos Químicos SC03-F19 - Fichas técnicas y/o hojas de seguridad de los Residuos peligrosos Archivo de Gestión Ambiental - Programas de Compras Públicas Sostenibles - Ficha, declaración, verificación y soportes de criterios ambientales | S19: Grupo de Trabajo de Servicios Administrativos y Recursos Físicos. Profesionales del SGA
B20: =+B19+1 -> 13 | C20: ICONTEC | D20: NTC | E20: 4435 de 2010 | F20: Transporte de mercancías: hojas de seguridad para materiales preparación | G20: Aplicación Total | H20: Vigente | I20: Sin observaciones | J20: No especifica | K20: X | O20: X
B21: =+B20+1 -> 14 | C21: ICONTEC | D21: NTC ISO | E21: 14001 de 2015 | F21: Sistemas de gestión ambiental — Requisitos con orientación para su uso | G21: Aplicación Total | H21: Vigente | I21: Sin observaciones | J21: No especifica | K21: X | M21: Certificación ISO 14001:2015: La Superintendencia de Industria y Comercio tiene implementado su Sistema de Gestión Ambiental, basándose en la norma NTC ISO 14001:2015, obteniendo su certificación inicial bajo esta versión en el año 2021. Bajo este entendido, a pesar de estar certificados por un ciclo de 3 años, la Entidad debe demostrar de forma periódica que el Sistema de Gestión Ambiental cumple con la norma ISO 14001:2015. Para el año 2024, la Entidad inicio un nuevo ciclo y renovó la certificación ambiental nuevamente por un ciclo de 3 años. A la fecha de la presente evaluación se registra el siguiente certificado No. SG-2024000766 Fecha Inicial de Certificación: Noviembre 03 del 2021 Fecha Restauración de la Certificación: Diciembre 06 del 2024 Certificado Válido Hasta: Noviembre 02 del 2027. | N21: Certificación ISO 14001:2015: certificado No. SG-2024000766 | O21: NA | Q21: NA | R21: NA | S21: Grupo de Trabajo de Servicios Administrativos y Recursos Físicos. Profesionales del SGA
B22: =+B21+1 -> 15 | C22: ICONTEC | D22: NTC ISO | E22: 14001 de 2015 Enmienda - 2024-02-22 | F22: Comunicado Conjunto IAF/ISO acerca de la incorporación de consideraciones sobre el Cambio Climático a las Normas de Sistemas de Gestión | G22: Aplicación Total | H22: Vigente | I22: Sin observaciones | J22: No especifica | K22: X | M22: El SGA ha actualizado toda su documentación, declarando la importancia de la incorporación del cambio climático en toda su documentación. Así mismo ha declarado en su política ambiental la importancia de este tema. | N22: Contexto Ambiental de La Entidad SC03-F25 https://sigi.sic.gov.co/SIGI/files/mod_documentos/anexos/2088/SC03-F25%20CONTEXTO%20AMBIENTAL%20DE%20LA%20ENTIDAD%202025-04-21.pdf Matriz DOFA del Contexto de la Organización del Sistema de Gestión Ambiental SC03-F30 https://sigi.sic.gov.co/SIGI/files/mod_documentos/anexos/2086/SC03-F30%20MATRIZ%20DOFA%20SGA%202025-04-21.pdf Política ambiental: https://sedeelectronica.sic.gov.co/sites/default/files/normativa/POLIT2_%20%281%29.pdf | O22: NA | Q22: NA | R22: NA | S22: Profesionales del SGA
B23: =+B22+1 -> 16 | C23: Ministerio de Ambiente Vivienda y Desarrollo Territorial | D23: Cartilla Unidad Técnica de Ozono | E23: 2006 | F23: El Mantenimiento de Sistemas de Refrigeración y Aire Acondicionado y la Certificación por Competencias Laborales | G23: Aplicación Total | H23: Vigente | I23: Sin observaciones | J23: No especifica | K23: X | M23: Se toma como referencia para solicitar dentro de los criterios ambientales la competencia laboral al personal que realiza el mantenimiento de los aires acondicionados en la sede. | N23: Archivo de Gestión Ambiental Programa de Compras Públicas Sostenibles - Ficha, declaración, verificación y soportes de criterios ambientales | O23: X | Q23: Se toma como referencia para solicitar dentro de los criterios ambientales la competencia laboral al personal que realiza el mantenimiento de los aires acondicionados en la sede. | R23: Programa de Compras Públicas Sostenibles SC03-F20: https://sigi.sic.gov.co/SIGI/portal/document_tab.php?id_doc=955&version=6&opcion_regreso=1 Archivo de Gestión Ambiental - Programas de Compras Públicas Sostenibles - Ficha, declaración, verificación y soportes de criterios ambientales | S23: Grupo de Trabajo de Servicios Administrativos y Recursos Físicos. Profesionales del SGA Contratistas externo
B24: =+B23+1 -> 17 | C24: Departamento Administrativo de la Función Pública | D24: NA | E24: NA | F24: Medición de desempeño institucional- Reconocimiento especial a las más de 4.900 entidades que diligenciaron oportunamente su información en el FURAG. Los datos suministrados serán vitales para la Medición del Desempeño Institucional y del Sistema de Control Interno. | G24: NA | H24: Vigente | I24: Sin observaciones | J24: No especifica | K24: X | M24: Se realiza reporte de acuerdo a lo solicitado por la Oficina Asesora de Planeación | N24: Informe FURAG | O24: NA | Q24: NA | R24: NA | S24: Grupo de Trabajo de Gestión documental y Archivo Grupo de Trabajo de Servicios Administrativos y Recursos Físicos. Profesionales del SGA
B25: =+B24+1 -> 18 | C25: Departamento Administrativo de la Función Pública | D25: Circular externa | E25: 100-011-2025 | F25: Lineamientos para la Medición del Desempeño Institucional, vigencia 2025 | G25: Pregunta de la 500 a la 513 | H25: Vigente | I25: Se sugiere tener en cuenta el asunto de la Circular, ya que refiere: Lineamientos para la Medición del Desempeño Institucional, vigencia 2025 Así como verificar columna G RTA: El seguimiento se realiza de la vigencia anterior por esto esta del año 2025. Está bien, sin observaciones | J25: No especifica | K25: X | O25: NA | Q25: NA | R25: NA
B26: =+B25+1 -> 19 | C26: NA | D26: NA | E26: NA | F26: El Global Reporting Initiative (GRI) es una organización no gubernamental basada en una red que tiene como objetivo impulsar los Reportes de Sostenibilidad y Medio ambiente, Social y Gobierno Corporativo (ESG). | G26: 102-10, 102-11. 103-1, 103-2 302-1, 302-4, 303-1, 303-3, 305-5, 306-2, 307-1, 308-1, 308-2 | H26: Vigente | I26: Sin observaciones | J26: No especifica | K26: X | M26: Se realiza reporte de la vigencia anterior de acuerdo a lo solicitado por la Secretaria General. | N26: Informe de sostenibilidad | O26: NA | Q26: NA | R26: NA | S26: Secretaria General. Grupo de Trabajo de Servicios Administrativos y Recursos Físicos. Profesionales del SGA
B27: =+B26+1 -> 20 | C27: Secretaría del Ozono Programa de las Naciones Unidas para el Medio Ambiente | D27: Manual del protocolo | E27: decimotercera del 2020 | F27: Manual del Protocolo de Montreal relativo a las sustancias que agotan la Capa de Ozono | G27: Informativa Anexo C | H27: Vigente | I27: Sin observaciones | J27: No especifica | K27: X | M27: Se verifica que los equipos que se adquieran no contenga ninguna sustancia agotadora de la capa de ozono. | N27: Archivo de Gestión Ambiental Programa de Compras Públicas Sostenibles - Ficha, declaración, verificación y soportes de criterios ambientales - Contratos de arriendo - Contrato de mantenimiento locativo. | O27: X | Q27: Se verifica que los equipos que se adquieran no contenga ninguna sustancia agotadora de la capa de ozono. | R27: Archivo de Gestión Ambiental Programa de Compras Públicas Sostenibles - Ficha, declaración, verificación y soportes de criterios ambientales - Contratos de arriendo - Contrato de mantenimiento locativo. | S27: Grupo de Trabajo de Servicios Administrativos y Recursos Físicos. Profesionales del SGA Contratista externo
B28: =+B27+1 -> 21 | C28: Ministerio de Ambiente y Desarrollo Sostenible Programa de las naciones unidas para el desarrollo – PNUD | D28: Guía | E28: 2022 | F28: Manual De Buenas Prácticas En Refrigeración | G28: Aplicación Total | H28: Vigente | I28: Sin observaciones | J28: No especifica | K28: X | O28: X
B29: =+B28+1 -> 22 | C29: Ministerio de Medio Ambiente y Desarrollo sostenible | D29: Guía | E29: 2017 | F29: Guía Conceptual y Metodológica de Compras Públicas sostenibles. | G29: Aplicación Total | H29: Vigente | I29: Sin observaciones | J29: No especifica | K29: X | M29: Programa de gestión: Se cuenta con el Programa de Compras públicas SC03-F20 el cual tiene como objetivo incorporar criterios ambientales de sostenibilidad en los procesos de contratación de bienes, servicios y obras que se adelanten en la Superintendencia de Industria y Comercio. Inclusión de criterios ambientales: El Sistema de Gestión Ambiental, realiza la inclusión de criterios ambientales tomando como referencia la Guía Conceptual y Metodológica de Compras Públicas Sostenibles y otros documentos de consulta referentes al tema de sostenibilidad en la adquisición de bienes o servicios y a los contratos que generan algún impactos ambiental. | N29: Programa De Compras Públicas Sostenibles - SC03-F20: https://sigi.sic.gov.co/SIGI/portal/document_tab.php?id_doc=955&version=6&opcion_regreso=1 Archivo de Gestión Ambiental Digital- Programas de Compras Públicas Sostenibles - Ficha, declaración, verificación y soportes de criterios ambientales Archivo de Gestión Ambiental Digital Instrumentos del Sistema de Gestión Ambiental -Informes de Gestión Ambiental. | O29: X | Q29: Programa de gestión: Se cuenta con el Programa de Compras públicas SC03-F20 el cual tiene como objetivo incorporar criterios ambientales de sostenibilidad en los procesos de contratación de bienes, servicios y obras que se adelanten en la Superintendencia de Industria y Comercio. Inclusión de criterios ambientales: El Sistema de Gestión Ambiental, realiza la inclusión de criterios ambientales tomando como referencia la Guía Conceptual y Metodológica de Compras Públicas Sostenibles y otros documentos de consulta referentes al tema de sostenibilidad en la adquisición de bienes o servicios y a los contratos que generan algún impactos ambiental. | R29: SC03-F20 Programa De Compras Públicas Sostenibles https://sigi.sic.gov.co/SIGI/portal/document_tab.php?id_doc=955&version=6&opcion_regreso=1 Archivo de Gestión Ambiental Digital- Programas de Compras Públicas Sostenibles - Ficha, declaración, verificación y soportes de criterios ambientales Archivo de Gestión Ambiental Digital Instrumentos del Sistema de Gestión Ambiental -Informes de Gestión Ambiental. | S29: Grupo de Trabajo de Servicios Administrativos y Recursos Físicos. Profesionales del SGA
B30: =+B29+1 -> 23 | C30: Colombia Compra Eficiente | D30: Guía | E30: 2022 | F30: Guía de compras públicas sostenibles con el ambiente | G30: Aplicación Total | H30: Vigente | I30: Sin observaciones | J30: No especifica | K30: X | O30: X
B31: =+B30+1 -> 24 | C31: Ministerio de Ambiente y Desarrollo Sostenible Agencia Nacional de Contratación Pública –Colombia Compra Eficiente– | D31: Guía | E31: 27 de diciembre de 2024 | F31: Guía de contratación pública sostenible y socialmente responsable | G31: Aplicación Total | H31: Vigente | I31: Sin observaciones | J31: No especifica | K31: X | O31: X
B32: =+B31+1 -> 25 | C32: Superintendencia de Industria y Comercio | D32: Circular Interna | E32: 002 de 2018 | F32: Incentivo por el uso de la bicicleta para los funcionarios | G32: Aplicación Total | H32: Vigente | I32: Sin observaciones | J32: No especifica | K32: X | M32: Incentivo uso de bicicletas: El Grupo de Trabajo de Talento Humano es el encargo de tramitar con los funcionarios el incentivo por el uso de la bicicleta indicado en la circular interna No. 2 del 12 de enero de 2018, en la que se indica que si el funcionario acumula 30 comprobantes de parqueadero autorizados por el grupo de vigilancia de la Entidad, la personas puede solicitar medio día libre remunerado, siguiendo las instrucciones expedidas por la circular interna. Campañas: Sensibilización-divulgación realizadas a través de los diferentes medios de comunicación que tiene la Entidad, dirigido a servidores públicos y contratistas de la SIC, Con el fin de conmemorar el uso de la bicicleta, estas se pueden visualizar en los Informes mensuales de Gestión Ambiental. | N32: Circular No. 2 de 2018: https://its2sicgov-my.sharepoint.com/:b:/g/personal/imtorres_sic_gov_co/EaJn16RrpmlIk1c_h_GRHSYBvYAIP3O6Jv3jlDFfcY0N4w?e=m7BjcB Archivo de Gestión Ambiental Digital Instrumentos del Sistema de Gestión Ambiental - Informe de gestión ambiental | O32: X | Q32: Incentivo uso de bicicletas: El Grupo de Trabajo de Talento Humano es el encargo de tramitar con los funcionarios el incentivo por el uso de la bicicleta indicado en la circular interna No. 2 del 12 de enero de 2018, en la que se indica que si el funcionario acumula 30 comprobantes de parqueadero autorizados por el grupo de vigilancia de la Entidad, la personas puede solicitar medio día libre remunerado, siguiendo las instrucciones expedidas por la circular interna. Campañas: Sensibilización-divulgación realizadas a través de los diferentes medios de comunicación que tiene la Entidad, dirigido a servidores públicos y contratistas de la SIC, Con el fin de conmemorar el uso de la bicicleta, estas se pueden visualizar en los Informes mensuales de Gestión Ambiental. | R32: Circular No. 2 de 2018: https://its2sicgov-my.sharepoint.com/:b:/g/personal/imtorres_sic_gov_co/EaJn16RrpmlIk1c_h_GRHSYBvYAIP3O6Jv3jlDFfcY0N4w?e=m7BjcB Archivo de Gestión Ambiental Digital Instrumentos del Sistema de Gestión Ambiental - Informe de gestión ambiental | S32: Grupo de Trabajo de Talento Humano Profesionales del SGA
B33: =+B32+1 -> 26 | C33: Secretaria de movilidad | D33: Circular | E33: 009 de 2019 | F33: Orientación en el uso adecuado de la bicicleta y los triciclos, el comportamiento del ciclista, y el comportamiento de otros actores viales. En las vías y en las ciclo rutas de la ciudad de Bogotá D.C. | G33: Aplicación Total | H33: Vigente | I33: Sin observaciones | J33: No especifica | K33: X | O33: X
B34: =+B33+1 -> 27 | C34: Superintendencia de Industria y Comercio | D34: Manual | E34: SC01-M01 | F34: MANUAL DEL SISTEMA INTEGRAL DE GESTIÓN INSTITUCIONAL - SIGI | G34: Aplicación Total | H34: Vigente | I34: Sin observaciones | J34: No especifica | K34: X | M34: Se da cumplimiento a los lineamientos del manual de acuerdo a lo establecido por la oficina Asesora de Planeación. | N34: MANUAL DEL SISTEMA INTEGRAL DE GESTIÓN INSTITUCIONAL - SIGI Código: SC01-M01 | O34: NA | Q34: NA | R34: NA | S34: Profesionales del SGA OAP
B35: =+B34+1 -> 28 | C35: Departamento Administrativo de la Función Pública | D35: Manual Operativo | E35: Versión 6.1 Febrero 2026 | F35: Manual Operativo del Modelo Integrado de Planeación y Gestión | G35: 2ª. Dimensión: Direccionamiento Estratégico y Planeación 2.2 Política de Planeación institucional | H35: Vigente | I35: Se sugiere ajustar el numeral 2,1 de acuerdo con la versión 6.1 febrero 2026 RTA: se actualiza el numero de acuerdo a la versión Está bien, sin observaciones | J35: No especifica | K35: X | M35: El Sistema de Gestión Ambiental cuenta con el Manual Operativo del Sistema de Gestión Ambiental - SC03-M01 donde se consolida la revisión de todos los aspectos solicitados en el numeral. | N35: Manual operativo del Sistema de Gestión Ambiental - SC03-M01 | O35: NA | Q35: NA | R35: NA | S35: Profesionales del SGA
G36: 2.3 Política de Gestión Presupuestal y Eficiencia del Gasto Público | H36: Vigente | I36: Sin observaciones | J36: la política promueve las Compras Públicas Sostenibles, las cuales abarcan un proceso por el cual las Entidades Estatales satisfacen sus necesidades de bienes, obras y servicios al tiempo que contribuyen a la protección del medio ambiente, la reducción en el consumo de recursos, la inclusión y la justicia social durante el desarrollo de un proceso de compra pública. | M36: El Sistema de Gestión Ambienta cuenta con el Programa De Compras Públicas Sostenibles- SC03-F20 el cual tiene como objetivo incorporar criterios ambientales en los procesos de contratación de bienes y servicios de la Entidad. | N36: SC03-F20 Programa De Compras Públicas Sostenibles https://sigi.sic.gov.co/SIGI/portal/document_tab.php?id_doc=955&version=6&opcion_regreso=1 | Q36: NA | R36: NA | S36: Profesionales del SGA
G37: 3ª. Dimensión: Gestión con valores para resultados 3.2.1 Política de Fortalecimiento organizacional y simplificación de procesos | H37: Vigente | I37: Sin observaciones | J37: Verificar las disposiciones dadas por el Gobierno Nacional o los gobiernos locales en materia de políticas de austeridad en el gasto público (consumo de servicios públicos, de combustibles, compras, viáticos gastos de personal, entre otros), y por las autoridades competentes (igualmente, nacionales y locales), en temas de gestión ambiental. | M37: Se realiza un informe de gestión ambiental donde se muestran las siguientes acciones: - Consumo de energía SC03-F12 - Consumo de agua SC03-F33 - Parametrización consumo de combustible SC03-F47 - Registro transporte aéreo SC03-F37 | N37: Archivo de Gestión Ambiental - Instrumentos del Sistema de Gestión Ambiental - Informe de gestión ambiental Informes de austeridad del gasto https://sedeelectronica.sic.gov.co/nuestra-entidad/control-interno/informes-de-la-oficina/informes-de-austeridad | Q37: NA | R37: NA | S37: Secretaria General. Grupo de Trabajo de Servicios Administrativos y Recursos Físicos. Profesionales del SGA
G38: 3.2.2 Otros aspectos importantes a tener en cuenta Gestión Ambiental Institucional | H38: Vigente | I38: Sin observaciones | J38: El rol de las entidades públicas, se prevé que cada una se comprometa con metas sostenibles para el ahorro de energía e implementar medidas de eficiencia energética. No obstante, deberán implementar mecanismos, estrategias, planes que incorporen medidas institucionales para atender los lineamientos para una gestión ambiental en cada una, tales como el Plan Institucional Ambiental PIGA u otros que se consideren pertinentes.  Como apoyo para que las entidades incorporen los criterios de gestión ambiental, se puede consultar de manera voluntaria la Norma Técnica Colombiana NTC-ISO 14001. | M38: La sede principal actualmente se encuentra certificada bajo la ISO 14001:2015 bajo el certificado No. SG-2024000766 Fecha Inicial de Certificación: Noviembre 03 del 2021 Fecha Restauración de la Certificación: Diciembre 06 del 2024 Certificado Válido Hasta: Noviembre 02 del 2027. | N38: Certificado No. SG-2024000766 | Q38: NA | R38: NA | S38: Profesionales del SGA
G39: 5.3 Política Gestión Documental | H39: Vigente | I39: Sin observaciones | J39: No especifica | M39: La Entidad cuenta con el Programa de Gestión Documental identificado bajo el código GD01-F17; El Sistema de Gestión Ambiental tiene identificado su tabla de retención documental bajo los siguientes códigos: DEPENDENCIA PRODUCTORA: Grupo de Servicios Administrativos y Recursos Físicos CODIGO DEPENDENCIA: 142 0142.140 - INSTRUMENTOS DEL SISTEMA DE GESTIÓN AMBIENTAL 0142.190 - PLANES 0142.190.45 - Planes de Gestión Integral de Residuos Peligrosos 0142.190.255 - Planes de Preparación y Respuesta ante una Emergencia Ambiental 0142.230 PROGRAMAS 0142.230.15 - Programas de Compras Públicas Sostenibles 0142.230.70 - Programas de Gestión para el Manejo y Disposición de Residuos Sólidos 0142.230.95 - Programas para el Uso Eficiente y Racional del Agua 0142.230.100 - Programas para el uso Eficiente y Racional para la Energía La tabla de retención a la fecha del presente reporte se encuentra en actualización, ya que se modifico y se crearon nuevos documentos en el sistema. | N39: PROGRAMA DE GESTIÓN DOCUMENTAL - PGD GD01-F17 https://sigi.sic.gov.co/SIGI/portal/document_tab.php?id_doc=1047&version=2&opcion_regreso=1 PROCEDIMIENTO DE ARCHIVO Y RETENCIÓN DOCUMENTAL https://sigi.sic.gov.co/SIGI/portal/document_tab.php?id_doc=883&version=5&opcion_regreso=1 | Q39: En la sede bodegas se almacena los documentos del Sistema de gestión ambiental mientras cumplen su tiempo de retención. | R39: in situ | S39: Grupo de Gestión Documental y Archivo Grupo de Trabajo de Servicios Administrativos y Recursos Físicos Sistema de Gestión Ambiental
B40: =+B35+1 -> 29 | C40: Departamento Administrativo de la Función Pública | D40: Guía | E40: versión 7 Agosto de 2025 | F40: Guía para la Gestión Integral del Riesgo en Entidades Públicas | G40: Aplicación Total | H40: vigente | I40: Sin observaciones | J40: No especifica | K40: X | M40: Dentro de aplicativo SIGI se encuentran definidos los riesgos del Sistema de Gestión Ambiental siguiendo los lineamientos de la guía. - Riesgo de corrupción - Riesgo de Gestión | N40: RIESGOS DEL SISTEMA DE GESTIÓN AMBIENTAL https://sigi.sic.gov.co/SIGI/portal/document_tab_process.php?proceso=52&opcion_regreso=1&try=1&macro=3 | O40: NA | Q40: NA | R40: NA | S40: Oficina Asesora de Planeación Profesional del SGA
B41: =+B40+1 -> 30 | C41: Departamento Administrativo de la Función Pública | D41: Programa | E41: versión 1 Agosto de 2026 | F41: Programa de transparencia y ética pública 2025 | G41: Aplicación Total | H41: vigente | I41: Sin observaciones | J41: No especifica | K41: X | O41: NA | Q41: NA | R41: NA
B42: =+B41+1 -> 31 | C42: NA | D42: NTC | E42: 5921:2018 | F42: Información y documentación. Requisitos almacenamiento de material documental en archivos y bibliotecas | G42: 6. Mantenimiento | H42: Vigente | I42: Se sugiere verificar la información relacionada en la columna G, numeral 7.2 Limpieza y desinfección frente a lo establecido en la NTC 5921:2018 y realizar el ajuste correspondiente. RTA: Se ajusta el numeral de acuerdo a lo informado por Gestión documental. Está bien, sin observaciones | J42: No especifica | K42: X | M42: En las distintas áreas institucionales y dependencias de la entidad se llevan a cabo jornadas periódicas de limpieza y desinfección en los archivos de gestión y archivo central. Estas actividades incluyen el mobiliario e insumos destinados al almacenamiento documental. Asimismo, se realizan campañas de desratización y desinsectación en las sedes y locaciones específicas donde se conserva el archivo. Adicionalmente, se controla el estado de las condiciones ambientales mediante el monitoreo y mantenimiento continuo, utilizando termohigrómetros, deshumidificadores y humidificadores para garantizar un entorno adecuado para la preservación documental. | N42: GD01-M03 Sistema integrado de Conservación. GD01-F19 Programa de Documentos Especiales. GD01-F26 Programa de Saneamiento ambiental. GD01-F25 Programa de Monitoreo y control de las condiciones ambientales. GD01-F29 Programa de Almacenamiento y Re almacenamiento. GD01-F35 Formato clasificación de documentos por deterioro biológico. GD01-F36 Formato para el registro de temperatura y humedad relativa en archivos GD01-F45 Formato de seguimiento limpieza y desinfección en áreas y depósitos de archivo. -GD01-I10 Instructivo de limpieza y desinfección de áreas y superficies de archivo GD01-I11 Instructivo limpieza y desinfección de unidades de almacenamiento y documentos de archivo. GD01-I18 Instructivo para la Aplicación de la Disposición Final de los Documentos, GD01-P01 Procedimiento de Archivo y Retención Documental. | O42: X | Q42: En las distintas áreas institucionales y dependencias de la entidad se llevan a cabo jornadas periódicas de limpieza y desinfección en los archivos de gestión y archivo central. Estas actividades incluyen el mobiliario e insumos destinados al almacenamiento documental. Asimismo, se realizan campañas de desratización y desinsectación en las sedes y locaciones específicas donde se conserva el archivo. Adicionalmente, se controla el estado de las condiciones ambientales mediante el monitoreo y mantenimiento continuo, utilizando termohigrómetros, deshumidificadores y humidificadores para garantizar un entorno adecuado para la preservación documental. | R42: GD01-M03 Sistema integrado de Conservación. GD01-F19 Programa de Documentos Especiales. GD01-F26 Programa de Saneamiento ambiental. GD01-F25 Programa de Monitoreo y control de las condiciones ambientales. GD01-F29 Programa de Almacenamiento y Re almacenamiento. GD01-F35 Formato clasificación de documentos por deterioro biológico. GD01-F36 Formato para el registro de temperatura y humedad relativa en archivos GD01-F45 Formato de seguimiento limpieza y desinfección en áreas y depósitos de archivo. -GD01-I10 Instructivo de limpieza y desinfección de áreas y superficies de archivo GD01-I11 Instructivo limpieza y desinfección de unidades de almacenamiento y documentos de archivo. GD01-I18 Instructivo para la Aplicación de la Disposición Final de los Documentos, GD01-P01 Procedimiento de Archivo y Retención Documental. | S42: GTGDA
B43: =+B42+1 -> 32 | C43: Ministerio de Ambiente y Desarrollo Sostenible | D43: Política | E43: 2022 | F43: Política ambiental para la gestión integral de residuos peligrosos y Plan de Acción 2022-2030 | G43: Aplicación Total | H43: Vigente | I43: Sin observaciones | J43: No especifica | K43: X | M43: Se cuenta con un plan de gestión que tiene como objeto, "Establecer los lineamientos internos para el manejo de los residuos peligrosos generados por las actividades que realiza la Superintendencia de Industria y Comercio en cumplimiento del Decreto 1076 de 2015 y demás normatividad vigente" El plan se encuentra identificado en el SIGI proceso Gestión Ambiental, bajo el código SC03-F16. | N43: Plan de gestión integral de residuos peligrosos SC03-F16: https://sigi.sic.gov.co/SIGI/portal/document_tab.php?id_doc=803&version=4&opcion_regreso=1 | O43: X | Q43: Se cuenta con un plan de gestión que tiene como objeto, "Establecer los lineamientos internos para el manejo de los residuos peligrosos generados por las actividades que realiza la Superintendencia de Industria y Comercio en cumplimiento del Decreto 1076 de 2015 y demás normatividad vigente" El plan se encuentra identificado en el SIGI proceso Gestión Ambiental, bajo el código SC03-F16. | R43: Plan de gestión integral de residuos peligrosos SC03-F16: https://sigi.sic.gov.co/SIGI/portal/document_tab.php?id_doc=803&version=4&opcion_regreso=1 | S43: Profesional del SGA
B45: CONSTANCIA DE LA REVISIÓN, ACTUALIZACIÓN Y EVALUACIÓN
B46: Identificación, revisión y actualización por parte del Sistema de Gestión Ambiental | E46: Nombre y Apellido: Johann Alirio Peña Cargo: Contratista apoyo SGA Fecha de revisión y actualización: 14/05/2026 Firma: | H46: Nombre y Apellido: Mery Eyennid Valentierra Garcia Cargo: Profesional universitario/Responsable SGA Fecha de revisión y actualización: 27/05/2026 Firma:
B47: Verificación de la actualización por parte del Grupo de Regulación | E47: Nombre y Apellido: Alejandro Bustos Mendoza Cargo: Jefe Oficina Asesora Jurídica Fecha de verificación: 27-05-2026 Firma:
B49: Superintendencia de Industria y Comercio Sede Principal Ciudad: Bogotá D.C. Teléfonos: 601-5870000

Sheet NORMAS DEROGADAS
D1: MATRIZ DE IDENTIFICACIÓN, ACCESO Y EVALUACIÓN DE REQUISITOS LEGALES Y OTROS REQUISITOS | G1: =+'REQUISITOS LEGALES'!V1 -> CÓDIGO DEL FORMATO | H1: =+'REQUISITOS LEGALES'!W1 -> SC03-F02
G2: =+'REQUISITOS LEGALES'!V2 -> VERSIÓN DEL FORMATO | H2: =+'REQUISITOS LEGALES'!W2 -> 10
B4: No. | C4: Tema Ambiental | D4: Emitido por | E4: Jerarquía de la norma | G4: Número y año de la norma | H4: Observación Grupo de Regulación
B5: 1 | C5: AGUA | D5: Presidencia de la República | E5: Decreto | G5: 3102 de 1997 | H5: Derogado por la Ley 508 de 1999
B6: =+B5+1 -> 2 | C6: ENERGÍA | D6: Ministerio de Minas y Energía | E6: Resolución | G6: 18 0606 de 2008 | H6: Derogada por la resolución 40283 de 2019
B7: =+B6+1 -> 3 | C7: ENERGÍA | D7: Secretaría Distrital del Medio Ambiente | E7: Resolución | G7: 1511 de 2010 | H7: Derogada por la Resolución 851 de 2022
B8: =+B7+1 -> 4 | C8: FUENTES MÓVILES | D8: Ministerio de Ambiente, Vivienda y Desarrollo Territorial | E8: Resolución | G8: 910 de 2008 | H8: Derogado por la Resolución 762 de 2022
B9: =+B8+1 -> 5 | C9: FUENTES MÓVILES | D9: Ministerio de Ambiente, Vivienda y Desarrollo Territorial | E9: Resolución | G9: 1111 de 2013 | H9: Derogado por la Resolución 762 de 2022
B10: =+B9+1 -> 6 | C10: FUENTES MÓVILES | D10: Ministerio de Transporte | E10: Resolución | G10: 20203040007155 de 2020 | H10: Derogado por la Resolución 20223040045295 de 2022
B11: =+B10+1 -> 7 | C11: ESCOMBROS | D11: Secretaría Distrital del Medio Ambiente | E11: Resolución | G11: 1115 de 2012 | H11: Derogada por el Decreto 507 de 2023
B12: =+B11+1 -> 8 | C12: ESCOMBROS | D12: Alcaldía Mayor de Bogotá D.C. | E12: Decreto | G12: 586 de 2015 | H12: Derogada por el Decreto 507 de 2023
B13: =+B12+1 -> 9 | C13: ACEITES USADOS | D13: Departamento Administrativo de Medio Ambiente - DAMA | E13: Resolución | G13: 1188 de 2003 | H13: Derogada por la Resolución 2238 de 2023
B14: =+B13+1 -> 10 | C14: PILAS | D14: Ministerio de Ambiente, Vivienda y Desarrollo Territorial | E14: Resolución | G14: 1297 de 2010 | H14: Derogada por la Resolución 851 de 2022
B15: =+B14+1 -> 11 | C15: OTROS REQUISITOS | D15: Superintendencia de Industria y Comercio | E15: Circular Interna | G15: 10 de 2020 | H15: La circular interna vigente es la 009 de 2024
B16: =+B15+1 -> 12 | C16: OTROS REQUISITOS | D16: Presidencia de la República | E16: Directiva Presidencial | G16: 06 de 2014 | H16: Derogada por la directiva presidencial 02 de 2023
B17: =+B16+1 -> 13 | C17: OTROS REQUISITOS | D17: Presidencia de la República | E17: Directiva Presidencial | G17: 08 de 2022 | H17: Derogada por la directiva presidencial 02 de 2023
... B38: =+B37+1 -> 34 | C38: SISTEMAS DE GESTIÓN | D38: Ministerio de Comercio, Industria y Turismo Superintendencia de Industria y Comercio | E38: Resolución | G38: 26472 de 2020 | H38: Derogada por la Resolución 29801 de 2026
B39: =+B38+1 -> 35
B40: =+B39+1 -> 36
B41: CONSTANCIA DE LA REVISIÓN
B42: Revisión por parte del Sistema de Gestión Ambiental | D42: Nombre y Apellido: Mery Eyennid Valentierra Garcia Cargo: Profesional Universitario Fecha de revisión y actualización: 2025-11-07 Firma:
B43: Revisión y verificación de la actualización por parte del Grupo de Regulación | D43: Nombre y Apellido: Alejandro Bustos Mendoza Cargo: Jefe Oficina Asesora Jurídica Fecha de verificación: 27-05-2026 Firma:
B44: Superintendencia de Industria y Comercio Sede Principal Ciudad: Bogotá D.C. Teléfonos: 601-5870000

Sheet RESULTADOS EVA REQ LEGAL
B1: MATRIZ DE IDENTIFICACIÓN, ACCESO Y EVALUACIÓN DE REQUISITOS LEGALES Y OTROS REQUISITOS | K1: =+'REQUISITOS LEGALES'!V1 -> CÓDIGO DEL FORMATO | L1: SC03-F02
K2: =+'REQUISITOS LEGALES'!V2 -> VERSIÓN DEL FORMATO | L2: =+'REQUISITOS LEGALES'!W2 -> 10
A4: TEMA AMBIENTAL | B4: COMPONENTE AMBIENTAL | C4: FECHA DE ACTUALIZACIÓN Y EVALUACIÓN: 29 DE MAYO DE 2026 | H4: FECHA DE ACTUALIZACIÓN Y EVALUACIÓN: 29 DE MAYO DE 2026
C5: Sede: Principal Dirección: Calle 24No. 7-43 | H5: Sede: Bodegas Dirección: Transversal 93 # 51 - 98 Bodegas 10-11, 44 y 48
C6: TOTAL REQUISITOS | D6: CUMPLE | E6: NO CUMPLE | F6: INFORMATIVO | G6: OBSERVACIÓN | H6: TOTAL REQUISITOS | I6: CUMPLE | J6: NO CUMPLE | K6: INFORMATIVO | L6: OBSERVACIÓN
A7: AGUA | B7: AGUA | C7: =SUM(D7:F10) -> 18 | D7: 8 | F7: 1 | H7: =SUM(I7:K10) -> 17 | I7: 8 | K7: 1
B8: LAVADO DE TANQUES | D8: 3 | I8: 3
B9: SANITARIOS | D9: 1 | I9: 1
B10: VERTIMIENTOS | D10: 4 | F10: 1 | I10: 3 | K10: 1
A11: ENERGIA | B11: ENERGIA | C11: =SUM(D11:F11) -> 14 | D11: 11 | F11: 3 | H11: =SUM(I11:K11) -> 14 | I11: 7 | K11: 7
A12: EMISIONES ATMOSFERICAS | B12: CARBONO NEUTRALIDAD | C12: =SUM(D12:F15) -> 23 | F12: 1 | H12: =SUM(I12:K15) -> 23 | K12: 1
B13: FUENTES FIJAS | D13: 1 | K13: 1
B14: FUENTES MOVILES | D14: 11 | F14: 7 | K14: 18
B15: MOVILIDAD | D15: 1 | F15: 2 | I15: 1 | K15: 2
A16: RESIDUOS SÓLIDOS | B16: CLASIFICACIÓN BASURAS | C16: =SUM(D16:F20) -> 21 | D16: 1 | H16: =SUM(I16:K20) -> 22 | I16: 1
B17: CUARTOS DE ALMACENAMIENTO RESIDUOS | D17: 2 | K17: 2
B18: MECANISMOS DE EXCRETAS Y BASURAS | D18: 1 | I18: 1
B19: PLÁSTICOS DE UN SOLO USO | D19: 2 | F19: 1 | I19: 3 | K19: 1
B20: RESIDUOS SOLIDOS | D20: 14 | I20: 14
A21: RESIDUOS PELIGROSOS | B21: ACEITES USADOS | C21: =SUM(D21:F36) -> 49 | D21: 1 | H21: =SUM(I21:K36) -> 49 | K21: 1
B22: BATERIAS DE PLOMO | D22: 2 | F22: 1 | K22: 3
B23: ESCOMBROS | D23: 6 | F23: 1 | K23: 7
B24: FICHAS DE DATOS DE SEGURIDAD | D24: 1 | I24: 1
B25: GAS REFRIGERANTE EN AIRE ACONDICIONADO Y NEVERAS | D25: 3 | I25: 3
B26: LLANTAS | D26: 3 | K26: 3
B27: PLAGUICIDAS | F27: 4 | I27: 3 | K27: 1
B28: PLOMO | D28: 1 | K28: 1
B29: PRODUCTOS QUIMICOS | D29: 3 | I29: 3
B30: RAESS | D30: 2 | F30: 2 | K30: 4
B31: REGISTRO GENERADORES DE RESIDUOS PELIGROSOS | D31: 2 | F31: 1 | K31: 3
B32: RESIDUOS ESPECIALES | D32: 1 | K32: 1
B33: RESIDUOS HOSPITALARIOS | F33: 3 | K33: 3
B34: RESIDUOS PELIGROSOS | D34: 5 | F34: 1 | I34: 5 | K34: 1
B35: SISTEMA GLOBALMENTE ARMONIZADO | D35: 2 | I35: 2
B36: TRANSPORTE RESIDUOS PELIGROSOS | D36: 3 | F36: 1 | K36: 4
A37: PLAN DE EMERGENCIAS Y CONTINGENCIAS | B37: PLAN DE EMERGENCIAS Y CONTINGENCIAS | C37: =SUM(D37:F37) -> 5 | D37: 4 | F37: 1 | H37: =SUM(I37:K37) -> 5 | I37: 4 | K37: 1
A38: COMPRAS PUBLICAS SOSTENIBLES | B38: CPS - ADQUISICIÓN DE BIENES Y SERVICIOS | C38: =SUM(D38:F38) -> 6 | D38: 5 | F38: 1 | H38: =SUM(I38:K38) -> 6 | I38: 5 | K38: 1
A39: OTROS | B39: AGOTAMIENTO DE LOS RECURSOS NATURALES | C39: =SUM(D39:F54) -> 35 | D39: 2 | F39: 1 | H39: =SUM(I39:K54) -> 35 | I39: 2 | K39: 1
B40: ANTITABACO | D40: 2 | I40: 2
B41: ARCHIVO | D41: 4 | I41: 4
B42: BOTIQUINES | D42: 1 | I42: 1
B43: CAPACITACIÓN | D43: 1 | I43: 1
B44: COMPARENDO AMBIENTAL | D44: 1 | F44: 7 | I44: 1 | K44: 7
B45: DEPARTAMENTO AMBIENTAL | D45: 2 | I45: 2
B46: EQUIPOS DE EXTINCIÓN DE INCENDIOS | D46: 3 | I46: 3
B47: ESCALERAS | D47: 1 | I47: 1
B48: MATERIAL PARTICULADO | F48: 1 | J48: 1
B49: RECURSOS NATURALES | F49: 1 | K49: 1
B50: SANCIONES | D50: 1 | I50: 1
B51: SEÑALIZACIÓN | D51: 1 | I51: 1
B52: SEÑALIZACIÓN / ALARMAS | D52: 1 | I52: 1
B53: SISTEMAS DE GESTIÓN | D53: 1 | I53: 1
B54: TRANSPORTE VERTICAL | D54: 4 | K54: 4
A55: OTROS REQUISITOS | B55: OTROS REQUISITOS | C55: =SUM(D55:G55) -> 32 | D55: 32 | H55: =SUM(I55:K55) -> 32 | I55: 21 | K55: 11
B56: TOTAL | C56: =SUM(C7:C55) -> 203 | D56: =SUM(D7:D55) -> 161 | E56: =SUM(E7:E55) -> 0 | F56: =SUM(F7:F55) -> 42 | H56: =SUM(H7:H55) -> 203 | I56: =SUM(I7:I55) -> 110 | J56: =SUM(J7:J55) -> 1 | K56: =SUM(K7:K55) -> 92
A57: Nota: En el caso de requerirse la inclusión de nuevos Componentes Ambientales, por favor incluya casilla adicionándola.
A58: Superintendencia de Industria y Comercio Sede Principal Ciudad: Bogotá D.C. Teléfonos: 601-5870000
A60: INDICADOR | B60: Cumplimiento de requisitos legales ambientales aplicables
A62: Formula del Indicador | B62: Nombre de la Variable | C62: Sede Principal | E62: sede bodegas
A63: (No. de requisitos legales cumplidos/ No. de requisitos legales aplicables identificados) X 100 | B63: No. de requisitos legales cumplidos (cumplidos e informativos) | C63: =+D56+F56 -> 203 | D63: =(C63/C64)*100 -> 100 | E63: =+I56+K56 -> 202 | F63: =+(E63/E64)*100 -> 99.507389
B64: No. de requisitos legales aplicables identificados | C64: =+C56 -> 203 | E64: =+H56 -> 203

Sheet Control de cambios
C2: CONTROL DE CAMBIOS | E2: =+'REQUISITOS LEGALES'!V1 -> CÓDIGO DEL FORMATO | F2: =+'REQUISITOS LEGALES'!W1 -> SC03-F02
E3: =+'REQUISITOS LEGALES'!V2 -> VERSIÓN DEL FORMATO | F3: =+'REQUISITOS LEGALES'!W2 -> 10
B5: FECHA DE ACTUALIZACIÓN (Año-mes-día) | C5: DESCRIPCIÓN DEL CAMBIO (Mencione los cambios realizados) | E5: PERSONA QUE REALIZÓ EL CAMBIO (Nombre y apellido- cargo)
B6: 46157 | C6: HOJA DE REQUISITOS LEGALES: Se incluyen las siguientes normas: Resolución 40412 de 2024 Resolución Conjunta 556 de 2003 Resolución 2309 de 1986 Ley 2041 de 2020 Resolución 839 de 2023 Ley 2427 de 2024 Resolución 29801 de 2026 HOJA OTROS REQUISITOS: Se incluyen las siguientes normas: Acuerdo 946 de 2024 Circular externa 100-011-2025 Programa de transparencia y ética pública 2025 Versión 1 Manual Operativo "Versión 6.1 Febrero 2026" HOJA NORMAS DEROGADAS: Se derogan las siguientes normas: Resolución 1362 de 2007 Resolución 26472 de 2020 HOJA RESULTADOS EVA REQ LEGAL: Se incluye los componentes ambientales: Plomo Capacitación Se incluye las casillas de indicador, formula y resultado en cada sede | E6: Mery Valentierra Profesional Universitario/Responsable SGA
B8: Superintendencia de Industria y Comercio Sede Principal Ciudad: Bogotá D.C. Teléfonos: 601-5870000
